 Dungeon Crawl Stone Soup version 0.24-a0-10-gb84795d (webtiles) character file.

Game seed: 12959079278111759113

3329650 Mgcat the Hoplite (level 27, 207/241 HPs)
             Began as a Naga Fighter on Jan 30, 2019.
             Was the Champion of Cheibriados.
             Escaped with the Orb
             ... and 5 runes on Jan 31, 2019!
             The game lasted 03:50:23 (67354 turns).

Mgcat the Hoplite (Naga Fighter)                   Turns: 67354, Time: 03:50:24

Health: 207/241    AC: 42    Str: 37    XL:     27
Magic:  28/49      EV: 29    Int: 37    God:    Cheibriados [******]
Gold:   5315       SH: 22    Dex: 34    Spells: 13/46 levels left

rFire    + + .     SeeInvis +   d - +9 war axe (elec)
rCold    + + .     Gourm    .   w - +2 shield "Lipa Cuch" {rCorr Int+4 Stlth+}
rNeg     . . .     Faith    .   O - +3 faerie dragon scales {Regen+ rCorr}
rPois    +         Spirit   .   t - +2 helmet {Int+3}
rElec    +         Reflect  .   I - +2 cloak of Charity {rC++ MR++ Int-5}
rCorr    +         Harm     .   G - +2 pair of gloves {Dex+3}
MR       +++++                  U - +6 naga barding of the Armoured One {Str+4 Slay+2}
Stlth    ++........             M - amulet of the acrobat
HPRegen  0.00/turn              Z - ring of Kaampati {rPois EV+6 Dex+3 Slay+5 SInv}
MPRegen  0.31/turn              A - ring "Quvaem" {rF++ MP+9 Stlth-}

@: very slow
A: large, see invisible, deformed body, frail 1, high mp 1, poison resistance,
electricity resistance, slowness 2, inhibited regeneration, slow metabolism 1,
spit poison 1, constrict 1, AC +9
0: Orb of Zot
}: 5/15 runes: barnacled, slimy, silver, abyssal, gossamer
a: Spit Poison, Bend Time, Temporal Distortion, Slouch, Step From Time, Renounce
Religion


You escaped.
You worshipped Cheibriados.
Cheibriados was exalted by your worship.
You were very full.

You visited 12 branches of the dungeon, and saw 57 of its levels.
You visited the Abyss 2 times.
You also visited: Gauntlet and Wizlab.

You collected 8285 gold pieces.
You spent 2970 gold pieces at shops.

Inventory:

Hand Weapons
 d - a +9 war axe of electrocution (weapon)
   (You took it off an orc knight on level 2 of the Orcish Mines)
 m - the +8 whip "Snakebite" {curare, rPois}
   (You found it on level 5 of the Lair of Beasts)

   It poisons the flesh of those it strikes.
   It protects you from poison.
 p - a +3 broad axe of draining
   (You took it off a hell knight on level 3 of the Depths)
Missiles
 e - 14 throwing nets {=f, !d}
 K - 42 silver javelins (quivered)
Armour
 t - a +2 helmet of intelligence (worn)
   (You found it in a Gauntlet)
 w - the +2 shield "Lipa Cuch" (worn) {rCorr Int+4 Stlth+}
   (You took it off a deep elf mage on level 3 of the Elven Halls)

   It affects your intelligence (+4).
   It provides partial protection from all sources of acid and corrosion.
   It makes you more stealthy.
 G - a +2 pair of gloves of dexterity (worn)
   (You found it on level 4 of the Lair of Beasts)
 I - the +2 cloak of Charity (worn) {rC++ MR++ Int-5}
   (You found it in a Gauntlet)

   It affects your intelligence (-5).
   It greatly protects you from cold.
   It affects your resistance to hostile enchantments.
 O - the +3 faerie dragon scales (worn) {Regen+ rCorr}
   (You took it off the Enchantress on level 1 of the Depths)

   It increases your rate of regeneration.
   It provides partial protection from all sources of acid and corrosion.
 U - the +6 naga barding of the Armoured One (worn) {Str+4 Slay+2}
   (You acquired it on level 1 of the Shoals)

   It affects your strength (+4).
   It affects your accuracy and damage with ranged weapons and melee attacks
   (+2).
Jewellery
 A - the ring "Quvaem" (right hand) {rF++ MP+9 Stlth-}
   (You found it on level 4 of the Depths)

   [ring of attention]

   It greatly protects you from fire.
   It affects your magic capacity (+9).
   It makes you less stealthy.
 M - an amulet of the acrobat (around neck)
   (You acquired it on level 3 of the Shoals)
 R - the ring of Osmoetru {rF+ rN+ Str+3 Int-2 Stlth+}
   (You took it off a merfolk siren on level 4 of the Shoals)

   [ring of stealth]

   It affects your strength (+3).
   It affects your intelligence (-2).
   It protects you from fire.
   It protects you from negative energy.
   It makes you more stealthy.
 V - the cursed ring "Tuloebui" {rPois rC+++ rN+++ Str-2 Int-4}
   (You found it on level 5 of the Vaults)

   [ring of strength]

   It affects your strength (-2).
   It affects your intelligence (-4).
   It renders you almost immune to cold.
   It protects you from poison.
   It renders you almost immune to negative energy.
   It has a curse placed upon it.
 Z - the ring of Kaampati (left hand) {rPois EV+6 Dex+3 Slay+5 SInv}
   (You found it on level 1 of the Elven Halls)

   [ring of evasion]

   It affects your evasion (+6).
   It affects your dexterity (+3).
   It affects your accuracy and damage with ranged weapons and melee attacks
   (+5).
   It protects you from poison.
   It lets you see invisible.
Wands
 j - a wand of scattershot (4)
   (You found it on level 5 of the Realm of Zot)
 n - a wand of acid (26)
   (You found it on level 15 of the Dungeon)
 D - a wand of digging (13)
   (You found it on level 10 of the Dungeon)
 F - a wand of clouds (8)
   (You found it on level 3 of the Lair of Beasts)
 P - a wand of iceblast (68)
   (You found it on level 4 of the Spider Nest)
Scrolls
 b - 2 scrolls of silence
 c - 4 scrolls of holy word {!r}
 k - 21 scrolls of identify
 l - 31 scrolls of remove curse
 r - 18 scrolls of teleportation
 u - 9 scrolls of blinking {!r}
 y - 11 scrolls of magic mapping {!r}
 z - 10 scrolls of fear
 J - 3 scrolls of enchant armour
 Q - 9 scrolls of fog
 W - 3 scrolls of enchant weapon
Potions
 a - 6 potions of curing
 g - 7 potions of mutation {!q}
 i - 4 potions of cancellation
 o - 5 potions of ambrosia
 s - 7 potions of brilliance
 v - 3 potions of resistance
 x - 2 potions of agility
 C - 2 potions of invisibility
 H - 3 potions of might
 L - 5 potions of magic
 N - a potion of heal wounds
 Y - 2 potions of flight
Miscellaneous
 h - 7 boxes of beasts
 B - 2 phantom mirrors
 E - a lamp of fire
   (You found it on level 3 of the Depths)
 X - 4 sacks of spiders
Comestibles
 f - 85 rations


   Skills:
 - Level 20.0 Fighting
 - Level 20.0 Axes
 + Level 14.9 Armour
 + Level 13.5 Dodging
 - Level 10.0 Stealth
 - Level 22.0 Shields
 - Level 10.0 Spellcasting
 - Level 15.0 Summonings
 - Level 10.0 Necromancy
 - Level 15.0 Translocations
 - Level 10.0 Earth Magic
 - Level 15.0 Invocations
 - Level 5.0 Evocations


You had 13 spell levels left.
You knew the following spells:

 Your Spells              Type           Power        Failure   Level  Hunger
a - Borgnjor's Vile Clut  Necr/Erth      #######...   1%          5    ##.....
b - Death Channel         Necr           #######...   6%          6    ####...
c - Blink                 Tloc           N/A          0%          2    None
d - Malign Gateway        Summ/Tloc      #######...   4%          7    ######.
e - Aura of Abjuration    Summ           #######...   1%          5    ##.....
f - Summon Forest         Summ/Tloc      #######...   1%          5    ##.....
g - Regeneration          Chrm/Necr      ######....   1%          3    None

Your spell library contained the following spells:

 Spells                   Type           Power        Failure   Level  Hunger
 Apportation              Tloc           ######       0%          1    None
 Summon Butterflies       Summ           #######.     0%          1    None
 Summon Small Mammal      Summ           ####         0%          1    None
 Call Imp                 Summ           #######.     0%          2    None
 Call Canine Familiar     Summ           #######.     0%          3    None
 Gell's Gravitas          Tloc           #######...   0%          3    None
 Recall                   Summ/Tloc      N/A          0%          3    None
 Animate Skeleton         Necr           N/A          1%          1    None
 Sandblast                Erth           ######       1%          1    None
 Passwall                 Tmut/Erth      ######..     1%          2    None
 Shroud of Golubria       Chrm/Tloc      ######....   1%          2    None
 Sublimation of Blood     Necr           #######...   1%          2    None
 Stone Arrow              Conj/Erth      ######       1%          3    None
 Animate Dead             Necr           N/A          1%          4    None
 Force Lance              Conj/Tloc      ######..     1%          4    None
 Summon Ice Beast         Ice/Summ       ######..     1%          4    None
 Summon Lightning Spire   Summ/Air       ######..     1%          4    None
 Lee's Rapid Deconstruct  Erth           #######...   1%          5    ##.....
 Summon Demon             Summ           #######...   1%          5    ##.....
 Dispersal                Tloc           #######...   1%          6    ####...
 Shadow Creatures         Summ           N/A          1%          6    ####...
 Beastly Appendage        Tmut           ###...       2%          1    None
 Confusing Touch          Hex            ###...       2%          1    None
 Flame Tongue             Conj/Fire      ###..        2%          1    None
 Infusion                 Chrm           ###.         2%          1    None
 Magic Dart               Conj           ###.         2%          1    None
 Shock                    Conj/Air       ###.         2%          1    None
 Sting                    Conj/Pois      ###.         2%          1    None
 Poisonous Vapours        Pois/Air       ###...       3%          2    None
 Slow                     Hex            ###.....     3%          2    None
 Song of Slaying          Chrm           ###.....     3%          2    None
 Sticks to Snakes         Tmut           ###.....     3%          2    None
 Swiftness                Chrm/Air       ###.....     3%          2    None
 Throw Flame              Conj/Fire      ###...       3%          2    None
 Leda's Liquefaction      Hex/Erth       ######....   3%          4    None
 Petrify                  Tmut/Erth      ######..     3%          4    None
 Summon Mana Viper        Hex/Summ       ######..     3%          5    ##.....
 Monstrous Menagerie      Summ           #######...   4%          7    ######.
 Summon Greater Demon     Summ           #######...   4%          7    ######.
 Summon Hydra             Summ           #######...   4%          7    ######.
 Confuse                  Hex            ###.....     7%          3    None
 Conjure Flame            Conj/Fire      ###.....     7%          3    None
 Ignite Poison            Fire/Tmut/Pois ###.....     7%          3    None
 Inner Flame              Hex/Fire       ###.....     7%          3    None
 Mephitic Cloud           Conj/Pois/Air  ###.....     7%          3    None
 Spectral Weapon          Hex/Chrm       ###.....     7%          3    None
 Spider Form              Tmut/Pois      ###.......   7%          3    None
 Static Discharge         Conj/Air       ###.....     7%          3    None
 Bolt of Magma            Conj/Fire/Erth #####.....   17%         5    ##.....
 Airstrike                Air            ###.......   24%         4    None
 Cause Fear               Hex            ###.......   24%         4    None
 Ice Form                 Ice/Tmut       ###.....     24%         4    None
 Olgreb's Toxic Radiance  Pois           ###.....     24%         4    None
 Sticky Flame             Conj/Fire      ###.....     24%         4    None
 Summon Horrible Things   Summ           #######...   32%         8    #######
 Iron Shot                Conj/Erth      ######....   43%         6    ####...
 Simulacrum               Ice/Necr       ######....   43%         6    ####...
 Statue Form              Tmut/Erth      ######...    43%         6    ####...
 Alistair's Intoxication  Tmut/Pois      ###.....     54%         5    ##.....
 Blade Hands              Tmut           ###.......   54%         5    ##.....
 Fireball                 Conj/Fire      ###.......   54%         5    ##.....
 Irradiate                Conj/Tmut      ###.......   54%         5    ##.....
 Iskenderun's Battlesphe  Conj/Chrm      ###.....     54%         5    ##.....
 Lightning Bolt           Conj/Air       ###.......   54%         5    ##.....
 Metabolic Englaciation   Hex/Ice        ###.......   54%         5    ##.....
 Venom Bolt               Conj/Pois      ###.......   54%         5    ##.....
 Yara's Violent Unravell  Hex/Tmut       ###.......   54%         5    ##.....
 Spellforged Servitor     Conj/Summ      ######....   67%         7    ######.
 Bolt of Fire             Conj/Fire      ###.......   98%         6    ####...
 Freezing Cloud           Conj/Ice/Air   ###.......   98%         6    ####...
 Hydra Form               Tmut           ###.......   98%         6    ####...
 Dragon's Call            Summ           #######...   99%         9    #######
 Dragon Form              Tmut           ###.......   100%        7    ######.
 Orb of Destruction       Conj           ###.......   100%        7    ######.
 Ring of Flames           Chrm/Fire      ###.......   100%        7    ######.
 Ignition                 Fire           ###.......   100%        8    #######
 Shatter                  Erth           #######...   100%        9    #######


Dungeon Overview and Level Annotations

Branches:
Dungeon (15/15)            Temple (1/1) D:6            Lair (6/6) D:8
 Shoals (4/4) Lair:4       Spider (4/4) Lair:4        Slime (5/5) Lair:5
    Orc (2/2) D:9             Elf (3/3) Orc:2        Vaults (5/5) D:13
  Crypt (2/3) Vaults:3     Depths (5/5) D:15            Zot (5/5) Depths:5

Altars:
Ashenzari
Cheibriados
Fedhas
Gozag
Hepliaklqana
Kikubaaqudgha
Makhleb
Nemelex Xobeh
Okawaru
Qazlal
Ru
Sif Muna
Trog
Uskayaw
Vehumet
Wu Jian
Xom
Zin
The Shining One
Beogh
Jiyva

Shops:
D:13 }   Orc:2 }*[(   Elf:2 =}}   Elf:3 %   Shoals:4 :   Vaults:3 %
Vaults:4 (   Vaults:5 ??!   Depths:4 [}:

Portals:
Hell: Depths:1 Depths:2 Depths:3 Depths:4 Depths:5
Abyss: Depths:3 Depths:4
Pandemonium: Depths:3
Ziggurat: Depths:5
Trove: Vaults:1 (give horn of Geryon)

Annotations:
D:10 exclusion: ice statue
D:11 exclusion: 2 statues
Lair:5 1 runed translucent door, Duammel's ghost, journeyman NaFi
Shoals:4 3 runed translucent doors, exclusion: obsidian statue, RexLacerta's ghost, adept DrBe
Spider:1 Roxanne
Orc:1 1 runed translucent door, hackum's ghost, journeyman FoFi
Crypt:1 12 runed translucent doors, Arthanis's ghost, legendary GrBe; Pedghagu's ghost, adept GrFi
Zot:1 3 runed translucent doors, Ejifenux's ghost, master VSFi; kirsanium's ghost, veteran MfGl


Innate Abilities, Weirdness & Mutations

You cannot wear boots.
Your serpentine skin is tough. (AC +9)
You have supernaturally acute eyesight. (SInv)
Armour fits poorly on your strangely shaped body.
Your system is resistant to poisons. (rPois)
You cover ground very slowly.
You have a slow metabolism.
You can spit poison.
You can use your snake-like lower body to constrict enemies.
You are frail. (-10% HP)
You have an increased reservoir of magic. (+10% MP)
You are resistant to electric shocks. (rElec)
You do not regenerate when monsters are visible.


Message History

Riojab is heavily wounded.
The zombie hands constrict Riojab.
Unknown command.
Unknown command.
Unknown command.
You hit Riojab but do no damage.
Riojab is heavily wounded.
The zombie hands constrict Riojab.
Riojab hits you but does no damage.
Unknown command.
Unknown command.
You slice Riojab!!
Riojab is severely wounded.
The zombie hands constrict Riojab!
You block Riojab's attack.
Unknown command.
Unknown command.
You slash Riojab!
Riojab is severely wounded.
The zombie hands constrict Riojab!
Riojab hits you but does no damage.
Unknown command.
You hit Riojab.
Riojab is almost dead.
The zombie hands constrict Riojab!
The zombie hands release their grip on Riojab.
Riojab gestures.
Spoiler Alert: The smoke demon can smite you, and cast ranged sticky flame!
Unknown command.
Unknown command.
You hit Riojab but do no damage. Lightning courses through Riojab!
You grab Riojab.
Riojab is almost dead.
You slash the smoke demon!
The smoke demon shudders.
The sun demon disappears in a puff of smoke!
You constrict Riojab, but do no damage. You block Riojab's attack.
An eldritch tentacle comes into view.
Spoiler Alert: The smoke demon can smite you, and cast ranged sticky flame!
Unknown command.
Unknown command.
You slice Riojab!! Lightning courses through Riojab!
You kill Riojab!
Cheibriados thoroughly appreciates the change of pace.
Cheibriados raises the support of your attributes as your movement slows.
The smoke demon disappears in a puff of smoke!
Unknown command.
Unknown command.
You block the eldritch tentacle's attack.
The eldritch tentacle completely misses you.
You block the eldritch tentacle's attack.
The eldritch tentacle completely misses you.
You block the eldritch tentacle's attack.
The eldritch tentacle closely misses you.
The eldritch tentacle slaps you but does no damage.
The eldritch tentacle claws you!!
The eldritch tentacle draws strength from your injuries!
There is an open door, spattered with blood here.
You take 25 damage, and have 194/241 hp.
Unknown command.
The eldritch tentacle slaps you but does no damage.
You block the eldritch tentacle's attack. x2
The eldritch tentacle misses you.
The eldritch tentacle completely misses you.
You block the eldritch tentacle's attack. 2 eldritch tentacle segments come into view.
Unknown command.
Unknown command.
Unknown command.
Unknown command.
You slice the eldritch tentacle segment!!
The eldritch tentacle segment is lightly damaged.
You slice the eldritch tentacle!!
You slash the eldritch tentacle segment!
You block the eldritch tentacle's attack. x2 2 eldritch tentacle segments come into view.
Unknown command.
Unknown command.
You slice the eldritch tentacle segment!!
The eldritch tentacle segment is severely damaged.
You hit the eldritch tentacle.
You hit the eldritch tentacle segment but do no damage.
You block the eldritch tentacle's attack. x2
An eldritch tentacle segment comes into view.
Unknown command.
You hit the eldritch tentacle segment.
The eldritch tentacle segment is severely damaged.
You hit the eldritch tentacle but do no damage.
You block the eldritch tentacle's attack.
The eldritch tentacle closely misses you. 2 eldritch tentacle segments come into view.
Unknown command.
You chop the eldritch tentacle segment into pieces!!!
You destroy the eldritch tentacle segment!
Unknown command.
You regained 3 hp, and now have 197/241 hp.
You regained 2 hp, and now have 199/241 hp.
You regained 3 hp, and now have 202/241 hp.
Your aura of abjuration expires.
You regained 2 hp, and now have 204/241 hp.
An Orb Guardian comes into view.
There is a staircase leading out of the dungeon here.
You regained 3 hp, and now have 207/241 hp.
You have escaped!

#.#####..######..#######..#.....#
#.## ##.# ##.# #..#...... #..#
#.#######'########.#.....# ...#
#&##...........# #.....#.. ...##
#.##...........# ##..#...# ....#
#.##...........# #....#..
..#.####.##...........# #..#...#
..+......##..X........# #....#..
..##.###.##.....@.....# #..#...#
.........##...........# #....#..
......#..##...........# #..#...#
....##...##...........# #....#..
...#.#...##...........# #..#...#
.##.#....##...........# #...)#..
#.##.....#######+###### #..#...#
.#.#.....#######.# #....#..
#.#..............# ##.....#


You could see an Orb Guardian.

Vanquished Creatures
  the Royal Jelly (Slime:5)
  7 ancient liches
  An orb of fire (Zot:5)
  2 juggernauts
  2 pandemonium lords
  Margery (Depths:3)
  Saint Roka (Depths:2)
  A Killer Klown (Zot:5)
  7 caustic shrikes
  9 golden dragons
  Nikola (Elf:3)
  the Enchantress (Depths:1)
  6 bone dragons
  2 electric golems
  A Brimstone Fiend (D:10)
  11 liches
  A Tzitzimitl (Zot:4)
  A hellephant (Abyss:2)
  An Ice Fiend (D:14)
  14 Orb Guardians
  16 tentacled monstrosities
  A Hell Sentinel (D:1)
  4 deep elf blademasters
  A titan (Vaults:5)
  10 acid blobs
  4 quicksilver dragons
  4 deep elf master archers (Elf:3)
  4 ancient champions (Crypt:1)
  5 death cobs
  An eldritch tentacle (WizLab)
  Kirke (D:13)
  A kraken (Shoals:4)
  8 sphinxes
  Frances (Shoals:2)
  7 shadow dragons
  20 tentacled starspawn
  Polyphemus (Shoals:4)
  8 azure jellies
  5 tengu reavers
  13 storm dragons
  3 draconian monks
  11 frost giants
  A revenant (Crypt:1)
  9 deep elf sorcerers
  9 fire giants
  4 ghost moths
  Louise (Spider:1)
  2 draconian knights (Depths:5)
  3 draconian shifters
  3 draconian scorchers
  2 balrugs
  22 vault wardens
  4 emperor scorpions (Spider:4)
  A draconian annihilator (Zot:3)
  A cacodemon (Abyss:3)
  An iron dragon (Vaults:5)
  2 orc warlords
  10 deep elf elementalists
  3 ghouls (Crypt:1)
  23 ironheart preservers
  A draconian stormcaller (Zot:4)
  24 very ugly things
  8 vampire knights
  23 stone giants
  6 spriggan defenders
  8 deep elf demonologists
  4 black draconians
  5 green draconians
  3 yellow draconians
  6 entropy weavers
  2 white draconians
  7 spark wasps
  2 lorocyprocas
  Azrael (Spider:2)
  A minotaur (Gauntlet)
  6 red draconians
  3 purple draconians
  A blizzard demon (Zot:3)
  12 deep elf annihilators
  5 merfolk javelineers
  3 eidola
  A green death (Abyss:1)
  10 deep elf death magi
  Josephine (D:15)
  6 merfolk impalers
  8 jiangshi
  14 deep elf high priests
  11 fire dragons
  8 ettins
  2 death oozes (Slime:5)
  35 small abominations
  16 ice dragons
  14 great orbs of eyes
  8 rakshasas
  16 yaktaur captains
  26 vault guards
  8 hydras
  A quicksilver dragon skeleton (Abyss:1)
  3 spriggan air magi
  37 large abominations
  13 centaur warriors
  2 catoblepae
  A naga warrior (Abyss:3)
  A queen ant (D:12)
  42 two-headed ogres
  6 merfolk aquamancers
  5 merfolk avatars
  26 dancing weapons
  11 death knights
  3 satyrs
  8 deep troll earth magi
  14 ogre magi
  A two-headed ogre (shapeshifter) (Elf:2)
  9 deep troll shamans
  10 hell hogs
  8 vampire magi
  17 thrashing horrors
  An orc high priest (Elf:3)
  4 death yaks
  13 spriggan berserkers
  5 tengu warriors
  Urug (Orc:2)
  4 soul eaters
  28 deep elf knights
  4 sun demons
  13 wretched stars
  8 hell knights (Depths:3)
  5 spatial maelstroms
  4 iron trolls
  11 skeletal warriors
  20 sea snakes
  A golden dragon zombie (Crypt:2)
  5 sixfirhies
  A spark wasp zombie (Crypt:2)
  An obsidian statue (WizLab)
  An anaconda zombie (Crypt:1)
  A death drake (Zot:4)
  6 flayed ghosts
  9 deep elf archers
  2 shadow wraiths (Vaults:3)
  6 glowing orange brains
  5 wizards
  2 shadow demons
  An orange crystal statue (Gauntlet)
  26 deep trolls
  4 harpies (Shoals:4)
  14 orc knights
  6 phantasmal warriors
  8 ironbrand convokers
  A mana viper (shapeshifter) (D:15)
  9 necromancers
  A shining eye (shapeshifter) (Depths:4)
  75 deep elf magi
  3 mana vipers
  2 shining eyes
  A manticore (shapeshifter) (Vaults:5)
  6 orc sorcerers (Orc:2)
  4 salamanders
  11 cyclopes
  11 manticores
  A faun (Shoals:2)
  A fire giant zombie (Abyss:3)
  2 stone giant zombies (Abyss:1)
  40 ugly things
  28 wolf spiders
  19 moths of wrath
  13 orb spiders
  A tengu skeleton (Depths:2)
  An elephant (shapeshifter) (Depths:1)
  A sphinx skeleton (Depths:3)
  10 worldbinders
  6 merfolk sirens
  4 elephants
  A spriggan zombie (Depths:2)
  A guardian serpent (shapeshifter) (Vaults:2)
  A stone giant skeleton (Depths:3)
  5 black mambas
  4 water nymphs
  2 guardian serpents
  A frost giant skeleton (Depths:2)
  A titan simulacrum (Crypt:1)
  10 smoke demons
  A black mamba (shapeshifter) (Abyss:2)
  A gargoyle (D:15)
  Psyche (D:8)
  24 spiny frogs
  3 centaur skeletons
  22 vault sentinels
  A naga mage (Abyss:3)
  2 orange demons
  5 torpor snails
  3 rime drakes
  An elf zombie (Depths:3)
  A dire elephant skeleton (Abyss:3)
  6 komodo dragons
  2 ice devils
  A spriggan skeleton (Depths:2)
  61 yaktaurs
  16 freezing wraiths
  A yaktaur (shapeshifter) (Depths:3)
  15 demonic crawlers
  A kobold demonologist (D:12)
  6 efreet
  4 tengu conjurers
  5 hellwings
  18 ancient zymes
  10 trolls
  2 red devils (Depths:1)
  7 wind drakes
  A troll (shapeshifter) (Depths:2)
  A tengu simulacrum (Depths:3)
  3 polar bears
  2 hydra skeletons
  5 tyrant leeches
  A hornet (shapeshifter) (Vaults:1)
  18 jumping spiders
  25 merfolk
  32 slime creatures
  19 blink frogs
  42 raiju
  Prince Ribbit (D:9)
  14 hornets
  11 snapping turtles
  A dream sheep (shapeshifter) (Vaults:5)
  14 hippogriffs
  A slime creature (shapeshifter) (Depths:2)
  An alligator zombie (Crypt:1)
  6 dream sheep
  8 ynoxinuls
  2 air elementals (Elf:2)
  A tarantella (shapeshifter) (Vaults:4)
  A vampire (D:11)
  A yak (shapeshifter) (Depths:4)
  4 shadows
  19 water elementals
  5 wyverns
  55 redbacks
  3 spriggans
  An ettin skeleton (Crypt:1)
  Sigmund (D:2)
  Eustachio (D:4)
  19 wraiths
  47 tarantellas
  A hog (shapeshifter) (Vaults:2)
  4 hogs (D:13)
  52 yaks
  3 golden eyes (Abyss:3)
  A hungry ghost (D:8)
  A basilisk (shapeshifter) (Depths:2)
  3 basilisks
  8 fire elementals
  6 neqoxecs
  7 spatial vortices
  13 chaos spawn
  6 vampire mosquitoes (Lair:6)
  2 insubstantial wisps (WizLab)
  A swamp worm (shapeshifter) (Depths:1)
  5 wargs
  12 porcupines
  A naga (Abyss:3)
  7 soldier ants (D:12)
  17 water moccasins
  11 hell hounds
  A water moccasin (shapeshifter) (Vaults:4)
  A torturous demonspawn skeleton (WizLab)
  3 floating eyes
  3 ice beasts
  3 sky beasts
  A snapping turtle zombie (Abyss:2)
  41 orc warriors
  An ice beast (shapeshifter) (Vaults:2)
  3 necrophages
  6 ettin simulacra
  2 eyes of draining (shapeshifter)
  A swamp dragon zombie (Crypt:1)
  2 black bears (D:11)
  63 starcursed masses
  4 eyes of draining
  3 phantoms
  18 boggarts
  34 ogres
  9 wolves
  12 centaurs
  A centaur (shapeshifter) (Depths:4)
  14 crocodiles
  15 big kobolds
  Blork the orc (D:5)
  31 bullfrogs
  3 earth elementals
  5 scorpions
  6 killer bees
  A raiju zombie (Crypt:1)
  16 wights
  6 howler monkeys
  10 crimson imps
  4 electric eels
  A bullfrog zombie (D:10)
  2 centaur zombies
  3 quasits
  6 hounds
  A human simulacrum (Vaults:1)
  8 jellies
  21 orc priests
  A gnoll shaman (D:5)
  19 orc wizards
  3 bullfrog skeletons
  4 iron imps
  Crazy Yiuf (D:5)
  7 iguanas
  Natasha (thrice) (D:4)
  2 lightning spires (Gauntlet)
  33 worker ants
  An ogre zombie (Crypt:1)
  Robin (D:4)
  A howler monkey zombie (Crypt:1)
  A worker ant zombie (D:7)
  15 adders
  3 gnolls (D:5)
  5 shadow imps
  4 white imps
  3 ufetubi
  2 oozes (Lair:5)
  3 adder skeletons
  A worm (D:2)
  3 dart slugs
  7 leopard geckos
  95 orcs
  7 bats
  5 giant cockroaches
  20 goblins
  13 hobgoblins
  22 kobolds
  5 quokkas
  A ball python zombie (Crypt:1)
  A dart slug zombie (Crypt:1)
  6 frilled lizards
  A jackal skeleton (D:8)
  A leopard gecko skeleton (D:8)
  A quokka skeleton (Crypt:1)
  7 rats
  5 crawling corpses
  A fire vortex (Depths:2)
  4 fungi
  A lurking horror (Abyss:3)
  6 plants
  31 starspawn tentacles
  4 tentacles (Shoals:4)
2804 creatures vanquished.

Vanquished Creatures (collateral kills)
  Khufu (Crypt:2)
  A pandemonium lord (D:1)
  2 ancient liches
  An orb of fire (Zot:5)
  A greater mummy (Crypt:2)
  4 Killer Klowns
  Jory (Vaults:5)
  2 golden dragons
  An electric golem (Zot:5)
  A lich (Vaults:5)
  15 Orb Guardians
  A Hell Sentinel (D:11)
  7 tentacled monstrosities
  A titan (Vaults:5)
  A deep elf blademaster (Abyss:5)
  2 eldritch tentacles
  A tengu reaver (Vaults:5)
  3 death cobs
  A shadow dragon (Zot:3)
  A draconian monk (Zot:2)
  5 storm dragons
  A draconian knight (Zot:1)
  2 azure jellies
  A cacodemon (Abyss:1)
  A draconian scorcher (Zot:4)
  3 draconian shifters
  A very ugly thing (Vaults:5)
  2 ironheart preservers (Vaults:5)
  A draconian annihilator (Zot:4)
  2 deep elf annihilators
  A yellow draconian (Zot:4)
  A black draconian (Zot:2)
  A red draconian (Zot:5)
  A purple draconian (Zot:4)
  A white draconian (Zot:1)
  2 deep elf death magi (Elf:3)
  An ettin (Vaults:5)
  A fire dragon (Zot:4)
  A death ooze (Slime:4)
  A rakshasa (Abyss:3)
  An ogre mage (Vaults:5)
  10 vault guards (Vaults:5)
  A shambling mangrove (Abyss:5)
  2 two-headed ogres (Vaults:5)
  A dancing weapon (Vaults:5)
  3 small abominations
  A deep elf knight (Vaults:5)
  A soul eater (Crypt:2)
  A wretched star (Abyss:4)
  A sixfirhy (Abyss:1)
  A glowing orange brain (Slime:4)
  2 phantasmal warriors (Vaults:5)
  5 deep elf magi
  3 moths of wrath
  An orange demon (D:1)
  A freezing wraith (Vaults:5)
  2 red devils
  A troll (Vaults:5)
  2 hornets
  2 raiju (Abyss:3)
  A slime creature (Slime:3)
  A wraith (Vaults:5)
  A ynoxinul (Abyss:2)
  A neqoxec (Abyss:2)
  2 spatial vortices (Zot:4)
  A warg (Vaults:5)
  A large abomination (Abyss:4)
  2 orc warriors (Vaults:5)
  A boggart (Depths:3)
  2 ogres (Vaults:5)
  An eye of draining (Slime:1)
  An earth elemental (Elf:3)
  A jelly (shapeshifter) (Vaults:5)
  4 orcs
  3 crawling corpses
  A starspawn tentacle (Abyss:1)
144 creatures vanquished.

Vanquished Creatures (others)
  An electric golem (Zot:5)
  28 eldritch tentacles
  A storm dragon (Zot:4)
  A green death (Zot:4)
  A hell knight (Depths:3)
  A deep elf mage (Elf:3)
  2 moths of wrath
  2 elephants (Lair:5)
  A hellion (Abyss:4)
  A freezing wraith (Abyss:4)
  A jumping spider (Spider:1)
  A water elemental (Abyss:5)
  4 golden eyes
  A large abomination (Abyss:4)
  An orc warrior (Vaults:5)
  An ogre (Vaults:5)
  5 boggarts
  A small abomination (Abyss:4)
  An orc wizard (Orc:2)
  A white imp (Abyss:1)
  2 orcs (D:13)
  8 bushes (Abyss:4)
  A crawling corpse (Elf:3)
  14 demonic plants
  57 fungi
  8 lurking horrors
  77 plants
  11 snaplasher vines
  31 starspawn tentacles
  4 tentacles (Shoals:4)
269 creatures vanquished.

Grand Total: 3217 creatures vanquished

Notes
Turn   | Place    | Note
-------+----------+-------------------------------------------
     0 | D:1      | Mgcat the Naga Fighter began the quest for the Orb.
     0 | D:1      | Reached XP level 1. HP: 21/21 MP: 1/1
   143 | D:1      | Reached XP level 2. HP: 28/28 MP: 2/2
   701 | D:2      | Reached XP level 3. HP: 23/34 MP: 3/3
   884 | D:2      | HP: 8/34 [adder (3)]
   889 | D:2      | HP: 4/51 [poisoned by an adder]
   895 | D:2      | HP: 3/51 [poisoned by an adder]
   902 | D:2      | HP: 2/51 [poisoned by an adder]
  1306 | D:2      | Reached XP level 4. HP: 40/42 MP: 4/4
  1512 | D:2      | Noticed Sigmund
  1522 | D:2      | Killed Sigmund
  1522 | D:2      | Reached skill level 4 in Fighting
  1522 | D:2      | Reached skill level 3 in Axes
  1522 | D:2      | Reached skill level 3 in Armour
  1522 | D:2      | Reached skill level 3 in Shields
  1522 | D:2      | Reached XP level 5. HP: 28/50 MP: 5/5
  2207 | D:3      | Reached XP level 6. HP: 50/57 MP: 6/6
  2676 | D:4      | Noticed Eustachio
  2703 | D:4      | Killed Eustachio
  2703 | D:4      | Reached XP level 7. HP: 42/66 MP: 7/7
  2876 | D:4      | Reached skill level 4 in Axes
  3112 | D:4      | Noticed Natasha
  3120 | D:4      | Killed Natasha
  3266 | D:4      | Noticed Robin
  3270 | D:4      | Noticed Natasha
  3282 | D:4      | Killed Robin
  3282 | D:4      | Reached skill level 4 in Armour
  3289 | D:4      | Killed Natasha
  3289 | D:4      | Reached skill level 4 in Shields
  3549 | D:4      | Reached skill level 5 in Fighting
  3795 | D:5      | Entered Level 5 of the Dungeon
  3982 | D:4      | Noticed Natasha
  3987 | D:4      | Killed Natasha
  4015 | D:5      | Reached XP level 8. HP: 70/74 MP: 8/8
  4131 | D:5      | Reached skill level 5 in Axes
  4292 | D:5      | Found a runed translucent door.
  4292 | D:5      | Noticed Blork the orc
  4292 | D:5      | Noticed Crazy Yiuf
  4957 | D:6      | Found a staircase to the Ecumenical Temple.
  4962 | Temple   | Entered the Ecumenical Temple
  5070 | Temple   | Became a worshipper of Cheibriados the Contemplative
  5251 | D:6      | Reached skill level 5 in Armour
  5251 | D:6      | Reached skill level 5 in Shields
  5458 | D:6      | Reached skill level 1 in Invocations
  5530 | D:6      | Reached skill level 6 in Axes
  5530 | D:6      | Reached skill level 2 in Invocations
  6265 | D:7      | Reached skill level 3 in Invocations
  6267 | D:7      | Reached XP level 9. HP: 40/81 MP: 11/11
  6420 | D:7      | Found an iron altar of Okawaru.
  6949 | D:7      | Reached * piety under Cheibriados
  7212 | D:8      | Reached skill level 4 in Invocations
  7225 | D:8      | Reached skill level 7 in Axes
  7388 | D:8      | Noticed Psyche
  7397 | D:8      | Reached skill level 5 in Invocations
  7423 | D:8      | Killed Psyche
  7423 | D:8      | Reached skill level 8 in Axes
  7423 | D:8      | Reached skill level 6 in Invocations
  7699 | D:8      | Reached ** piety under Cheibriados
  8015 | D:8      | Reached skill level 7 in Invocations
  8023 | D:8      | Reached XP level 10. HP: 32/88 MP: 15/15
  8360 | D:8      | Reached skill level 9 in Axes
  8481 | D:8      | Found a burning altar of Makhleb.
  8483 | D:8      | Found a glowing silver altar of Zin.
  8483 | D:8      | Noticed an angel
  8484 | D:8      | Noticed an Executioner
  8723 | D:8      | Found a staircase to the Lair.
  8926 | D:9      | Noticed a red ugly thing
  8942 | D:8      | Killed a white ugly thing
  8942 | D:8      | Reached skill level 8 in Invocations
  9454 | D:9      | Reached *** piety under Cheibriados
  9520 | D:9      | Found a staircase to the Orcish Mines.
  9552 | D:9      | Reached skill level 10 in Axes
  9563 | D:9      | Noticed Prince Ribbit
  9564 | D:9      | Reached skill level 9 in Invocations
  9955 | D:9      | Found a shattered altar of Ashenzari.
 10316 | D:10     | Entered Level 10 of the Dungeon
 10395 | D:10     | Reached **** piety under Cheibriados
 10395 | D:10     | Reached XP level 11. HP: 92/94 MP: 18/18
 10401 | D:10     | Reached skill level 10 in Invocations
 10428 | D:10     | Noticed a two-headed ogre
 10554 | D:10     | Killed a two-headed ogre
 10554 | D:10     | Reached skill level 11 in Axes
 10557 | D:10     | HP: 22/94 [orc priest/divine providence (14)]
 11465 | D:11     | Noticed a cyclops
 11474 | D:11     | Killed a cyclops
 11474 | D:11     | Reached skill level 12 in Axes
 11480 | D:11     | HP: 19/94 [yak (9)]
 11831 | D:11     | Noticed a cyclops
 11838 | D:11     | Noticed a cyclops
 11843 | D:11     | Killed a cyclops
 11855 | D:11     | HP: 18/94 [cyclops (29)]
 11858 | D:11     | Killed a cyclops
 11858 | D:11     | Reached skill level 13 in Axes
 12149 | D:11     | HP: 15/94 [vampire (9)]
 12574 | Lair:1   | Entered Level 1 of the Lair of Beasts
 12605 | Lair:1   | Noticed an eight-headed hydra
 12613 | Lair:1   | Killed a nine-headed hydra
 12839 | Lair:1   | Reached XP level 12. HP: 93/103 MP: 19/19
 12861 | Lair:1   | Noticed an eight-headed hydra
 13036 | Lair:1   | HP: 18/103 [eight-headed hydra (9)]
 13037 | Lair:1   | Killed an eight-headed hydra
 13037 | Lair:1   | Reached skill level 14 in Axes
 13976 | Lair:2   | Reached skill level 1 in Dodging
 14256 | Lair:2   | Noticed a five-headed hydra
 14267 | Lair:2   | Killed a five-headed hydra
 14377 | Lair:2   | Noticed a death yak
 14388 | Lair:2   | Killed a death yak
 14464 | Lair:2   | Reached skill level 2 in Dodging
 14676 | Lair:2   | Reached skill level 6 in Fighting
 15235 | Lair:3   | Got an ancient short sword
 15833 | Lair:4   | Reached skill level 6 in Armour
 15833 | Lair:4   | Reached skill level 6 in Shields
 15910 | Lair:4   | Reached skill level 3 in Dodging
 16023 | Lair:4   | Found a hole to the Spider Nest.
 16135 | Lair:4   | Reached ***** piety under Cheibriados
 16345 | Lair:4   | Gained mutation: You can use your snake-like lower body to
                  | constrict enemies. [Naga growth]
 16345 | Lair:4   | Reached XP level 13. HP: 114/114 MP: 20/20
 16643 | Lair:4   | Found a staircase to the Shoals.
 16885 | Lair:5   | Found a staircase to the Slime Pits.
 17092 | Lair:5   | Reached skill level 7 in Fighting
 17099 | Lair:5   | HP: 24/115 [elephant (13)]
 17503 | Lair:5   | Found the +8 whip "Snakebite" {curare, rPois}
 17571 | Lair:5   | Reached skill level 4 in Dodging
 17882 | Lair:5   | Found a runed translucent door.
 17882 | Lair:5   | Noticed Duammel's ghost (journeyman NaFi)
 18050 | Lair:6   | Entered Level 6 of the Lair of Beasts
 18065 | Lair:5   | Reached ****** piety under Cheibriados
 18209 | Lair:6   | Learned a level 5 spell: Borgnjor's Vile Clutch
 18236 | Lair:6   | Reached skill level 15 in Axes
 18300 | Lair:6   | Reached skill level 7 in Armour
 18321 | Lair:6   | Reached skill level 7 in Shields
 18483 | Lair:6   | Reached skill level 8 in Fighting
 18659 | Lair:6   | Reached skill level 5 in Dodging
 18726 | Lair:6   | Reached XP level 14. HP: 61/127 MP: 21/21
 19260 | Lair:6   | Reached skill level 8 in Armour
 19852 | D:9      | Killed Prince Ribbit
 19958 | D:5      | Killed Crazy Yiuf
 19964 | D:5      | Killed Blork the orc
 19964 | D:5      | Reached skill level 9 in Fighting
 20135 | D:10     | Reached skill level 8 in Shields
 20472 | Orc:1    | Entered Level 1 of the Orcish Mines
 21964 | Orc:1    | Found a runed translucent door.
 21966 | Orc:1    | Found a shimmering altar of Xom.
 21966 | Orc:1    | Noticed hackum's ghost (journeyman FoFi)
 22446 | Orc:2    | Entered Level 2 of the Orcish Mines
 22446 | Orc:2    | Found a roughly hewn altar of Beogh.
 22484 | Orc:2    | Found a gate leading to a gauntlet.
 22488 | Orc:2    | Found a staircase to the Elven Halls.
 22493 | Gauntlet | Entered a Gauntlet
 22493 | Gauntlet | Found a transporter.
 22502 | Gauntlet | Found a transporter.
 22514 | Gauntlet | Found a transporter.
 22518 | Gauntlet | Found a transporter.
 22528 | Gauntlet | Found a transporter.
 22548 | Gauntlet | Found a transporter.
 22561 | Gauntlet | Found a transporter.
 22578 | Gauntlet | Found a transporter.
 22582 | Gauntlet | Found a transporter.
 22591 | Gauntlet | Found a transporter.
 22616 | Gauntlet | Found a transporter.
 22616 | Gauntlet | Found a transporter.
 22645 | Gauntlet | Noticed a reaper
 23015 | Gauntlet | Got a transparent helmet
 23085 | Gauntlet | Identified the +3 helmet of the Ward {*Corrode rN+ Stlth+}
                  | (You found it in a Gauntlet)
 23468 | Gauntlet | Got a distressingly furry cloak
 23469 | Gauntlet | Identified the +2 cloak of Charity {rC++ MR++ Int-5} (You
                  | found it in a Gauntlet)
 23756 | Orc:2    | Learned a level 7 spell: Malign Gateway
 24156 | Orc:2    | Found a roughly hewn altar of Beogh.
 24218 | Orc:2    | Found a roughly hewn altar of Beogh.
 24267 | Orc:2    | Noticed Urug
 24277 | Orc:2    | Killed Urug
 24326 | Orc:2    | Reached skill level 16 in Axes
 24392 | Orc:2    | Found a roughly hewn altar of Beogh.
 24488 | Orc:2    | Found a roughly hewn altar of Beogh.
 24503 | Orc:2    | Found Seuxeot's Gadget Emporium.
 24510 | Orc:2    | Reached skill level 10 in Fighting
 24716 | Orc:2    | Found a roughly hewn altar of Beogh.
 24719 | Orc:2    | Found Dupyboec's Assorted Antiques.
 24724 | Orc:2    | Bought a lumpy silvery potion for 26 gold pieces
 24724 | Orc:2    | Bought a scroll of enchant weapon for 217 gold pieces
 24918 | Orc:2    | Reached skill level 9 in Shields
 24943 | Orc:2    | Noticed an orc warlord
 24953 | Orc:2    | Killed an orc warlord
 25045 | Orc:2    | Found Esesotz's Antique Armour Shop.
 25047 | Orc:2    | Found a roughly hewn altar of Beogh.
 25050 | Orc:2    | Found Hecuivuqoh's Antique Weapon Boutique.
 25077 | Orc:2    | Bought a glowing naga barding for 598 gold pieces
 25077 | Orc:2    | Bought a tiger eye-studded chain mail for 218 gold pieces
 25085 | Orc:2    | Identified the +2 chain mail "Hitar" {rPois} (You bought it
                  | in a shop on level 2 of the Orcish Mines)
 25365 | D:12     | Reached skill level 1 in Necromancy
 25365 | D:12     | Reached skill level 1 in Earth Magic
 25365 | D:12     | Reached XP level 15. HP: 107/138 MP: 22/22
 25417 | D:12     | Reached skill level 1 in Spellcasting
 25417 | D:12     | Reached skill level 1 in Summonings
 25417 | D:12     | Reached skill level 1 in Translocations
 25723 | D:12     | Reached skill level 2 in Necromancy
 25726 | D:12     | Reached skill level 2 in Earth Magic
 25727 | D:12     | Reached skill level 2 in Translocations
 25727 | D:12     | Reached skill level 2 in Summonings
 26194 | D:13     | Reached skill level 2 in Spellcasting
 26277 | D:13     | Found a gate to the Vaults.
 26460 | D:13     | Reached skill level 3 in Summonings
 26460 | D:13     | Reached skill level 3 in Necromancy
 26497 | D:13     | Reached skill level 3 in Translocations
 26504 | D:13     | Noticed Kirke
 26515 | D:13     | Killed Kirke
 26515 | D:13     | Reached skill level 3 in Earth Magic
 26633 | D:13     | Found Fitwit's Gadget Shoppe.
 26895 | D:14     | Reached skill level 3 in Spellcasting
 26999 | D:14     | Reached skill level 10 in Shields
 27312 | D:14     | Identified the Handbook of the Birds
 27399 | D:14     | Reached skill level 4 in Summonings
 27553 | D:14     | Reached skill level 4 in Necromancy
 27716 | D:15     | Entered Level 15 of the Dungeon
 27774 | D:15     | Reached skill level 4 in Translocations
 27822 | D:15     | Reached skill level 4 in Earth Magic
 27835 | D:15     | Noticed Josephine
 27842 | D:15     | Killed Josephine
 27842 | D:15     | Reached skill level 11 in Invocations
 27857 | D:15     | Reached XP level 16. HP: 111/146 MP: 24/24
 27865 | D:15     | Reached skill level 4 in Spellcasting
 28199 | D:15     | Found a staircase to the Depths.
 28384 | D:15     | Learned a level 2 spell: Blink
 28548 | D:15     | Reached skill level 5 in Necromancy
 28835 | D:15     | Found a blossoming altar of Fedhas.
 29179 | Spider:1 | Entered Level 1 of the Spider Nest
 29233 | Spider:1 | Identified Roxanne's Handbook of Stones
 29233 | Spider:1 | Noticed Roxanne
 29252 | Spider:1 | Reached skill level 5 in Summonings
 29262 | Spider:1 | Reached skill level 5 in Translocations
 29262 | Spider:1 | Reached skill level 5 in Earth Magic
 29295 | Spider:1 | Reached skill level 5 in Spellcasting
 29481 | Spider:1 | Noticed Louise
 29509 | Spider:1 | Killed Louise
 29523 | Spider:1 | Reached skill level 12 in Invocations
 29535 | Spider:1 | HP: 33/146 [disintegration (32)]
 30568 | Spider:2 | Noticed Azrael
 30583 | Spider:2 | Killed Azrael
 31295 | Spider:2 | Found a runed translucent door.
 31536 | Spider:3 | Reached XP level 17. HP: 137/154 MP: 26/26
 31845 | Spider:3 | Reached skill level 6 in Translocations
 32104 | Shoals:1 | Entered Level 1 of the Shoals
 32182 | Shoals:1 | Reached skill level 1 in Evocations
 32204 | Shoals:1 | Reached skill level 2 in Evocations
 32296 | Shoals:1 | Reached skill level 3 in Evocations
 32396 | Shoals:1 | Reached skill level 4 in Evocations
 32624 | Shoals:1 | Reached skill level 5 in Evocations
 32627 | Shoals:1 | Reached skill level 6 in Earth Magic
 32802 | Shoals:1 | Identified a scroll of acquirement
 32803 | Shoals:1 | Got a shimmering naga barding
 32804 | Shoals:1 | Identified the +6 naga barding of the Armoured One {Str+4
                  | Slay+2} (You acquired it on level 1 of the Shoals)
 32855 | Shoals:1 | Reached skill level 6 in Summonings
 32855 | Shoals:1 | Reached skill level 6 in Necromancy
 33092 | Shoals:2 | Reached skill level 6 in Spellcasting
 33370 | Shoals:2 | Noticed Frances
 33381 | Shoals:2 | Killed Frances
 34322 | Shoals:3 | Reached skill level 7 in Translocations
 34553 | Shoals:4 | Entered Level 4 of the Shoals
 34617 | Shoals:4 | Reached skill level 7 in Earth Magic
 34634 | Shoals:4 | Reached skill level 7 in Necromancy
 34644 | Shoals:4 | Reached skill level 7 in Summonings
 34736 | Shoals:4 | Identified the ring of Osmoetru {rF+ rN+ Str+3 Int-2
                  | Stlth+}
 34778 | Shoals:4 | Found a runed translucent gate.
 34778 | Shoals:4 | Found a runed translucent gate.
 34778 | Shoals:4 | Found a runed translucent gate.
 34779 | Shoals:4 | Found an opulent altar of Gozag.
 34779 | Shoals:4 | Found Wiydghopn's Assorted Antiques.
 34779 | Shoals:4 | Noticed RexLacerta's ghost (adept DrBe)
 34786 | Shoals:4 | Found Xiseot's Assorted Antiques.
 34831 | Shoals:4 | Noticed a kraken
 34840 | Shoals:4 | Killed a kraken
 35100 | Shoals:4 | Found Cigilale's Book Boutique.
 35116 | Shoals:4 | Reached skill level 7 in Spellcasting
 35203 | Shoals:4 | Reached XP level 18. HP: 163/163 MP: 28/28
 35255 | Shoals:4 | HP: 36/163 [merfolk javelineer/+1 spear of venom (8)]
 35260 | Shoals:4 | HP: 30/163 [poisoned by a merfolk javelineer]
 35261 | Shoals:4 | HP: 7/163 [sea snake (13)]
 35755 | Shoals:4 | Noticed Polyphemus
 35790 | Shoals:4 | Killed Polyphemus
 35803 | Shoals:4 | HP: 37/163 [merfolk impaler/+2 trident of freezing (11)]
 35810 | Shoals:4 | Reached skill level 8 in Translocations
 36045 | Shoals:4 | Identified the +8 flail "Sarchumux" {flame, Int+3}
 36203 | Shoals:4 | Reached skill level 8 in Summonings
 36203 | Shoals:4 | Reached skill level 8 in Necromancy
 36203 | Shoals:4 | Reached skill level 8 in Earth Magic
 36235 | Shoals:4 | Got a barnacled rune of Zot
 36574 | Spider:4 | Entered Level 4 of the Spider Nest
 36615 | Spider:4 | Reached skill level 8 in Spellcasting
 37028 | Spider:4 | Reached skill level 6 in Dodging
 37567 | Spider:4 | Got a gossamer rune of Zot
 37877 | Vaults:1 | Entered Level 1 of the Vaults
 37935 | Vaults:1 | Reached skill level 11 in Fighting
 37939 | Vaults:1 | Reached skill level 9 in Armour
 38082 | Vaults:1 | Reached XP level 19. HP: 84/171 MP: 31/31
 38340 | Vaults:1 | Reached skill level 7 in Dodging
 38457 | Vaults:1 | Found a portal to a secret trove of treasure.
 38543 | Vaults:1 | Reached skill level 11 in Shields
 39469 | Vaults:2 | Reached skill level 12 in Fighting
 39477 | Vaults:2 | Reached skill level 10 in Armour
 39484 | Vaults:2 | Reached skill level 8 in Dodging
 39510 | Vaults:2 | Reached skill level 17 in Axes
 39586 | Vaults:2 | Reached XP level 20. HP: 183/183 MP: 32/32
 40265 | Vaults:2 | Reached skill level 12 in Shields
 40359 | Vaults:2 | Reached skill level 9 in Dodging
 41076 | Vaults:3 | Reached skill level 13 in Fighting
 41400 | Vaults:3 | Found a staircase to the Crypt.
 41878 | Vaults:3 | Found Guilom Sahoz's Food Shoppe.
 42076 | Vaults:4 | Reached XP level 21. HP: 195/195 MP: 33/33
 42223 | Vaults:4 | Reached skill level 10 in Dodging
 42237 | Vaults:4 | Reached skill level 18 in Axes
 42247 | Vaults:4 | HP: 37/196 [flayed ghost/flay_damage (21)]
 42445 | Vaults:4 | Reached skill level 14 in Fighting
 42473 | Vaults:4 | Reached skill level 13 in Shields
 42751 | Vaults:4 | Found Goytosed's Weapon Shoppe.
 43418 | Depths:1 | Entered Level 1 of the Depths
 43724 | Depths:1 | Identified the +3 faerie dragon scales {Regen+ rCorr}
 43724 | Depths:1 | Noticed the Enchantress
 43727 | Depths:1 | Reached skill level 15 in Fighting
 43727 | Depths:1 | Killed the Enchantress
 43740 | Depths:1 | Reached skill level 14 in Shields
 43870 | Depths:1 | Found a gateway to Hell.
 44059 | Depths:1 | Found a glowing golden altar of the Shining One.
 44450 | Depths:1 | Reached XP level 22. HP: 210/210 MP: 34/34
 44661 | Depths:2 | Reached skill level 15 in Shields
 44936 | Depths:2 | Paralysed by a floating eye for 3 turns
 45100 | Depths:2 | Noticed Saint Roka
 45122 | Depths:2 | Killed Saint Roka
 45647 | Depths:3 | Noticed Margery
 45658 | Depths:3 | Killed Margery
 45907 | Depths:3 | Reached skill level 9 in Necromancy
 45938 | Depths:3 | Found a one-way gate leading to the halls of Pandemonium.
 45942 | Depths:3 | Reached skill level 9 in Translocations
 45946 | Depths:3 | Reached skill level 9 in Summonings
 45951 | Depths:3 | Found a one-way gate to the infinite horrors of the Abyss.
 45971 | Depths:3 | Reached skill level 9 in Spellcasting
 45971 | Depths:3 | Reached skill level 9 in Earth Magic
 46109 | Depths:3 | Noticed a caustic shrike
 46121 | Depths:3 | Killed a caustic shrike
 46132 | Depths:3 | Reached XP level 23. HP: 180/217 MP: 32/36
 46140 | Depths:3 | Reached skill level 13 in Invocations
 46160 | Depths:3 | HP: 51/217 [stone giant (26)]
 46165 | Depths:3 | HP: 51/217 [frost giant/+2 battleaxe of freezing (20)]
 46790 | Depths:3 | Got an ancient plate armour
 46791 | Depths:3 | Identified the +1 plate armour of Vehumet's Supremacy
                  | {rElec Str+3} (You found it on level 3 of the Depths)
 47171 | Depths:4 | Got a fine silver ring
 47172 | Depths:4 | Identified the ring "Quvaem" {rF++ MP+9 Stlth-} (You found
                  | it on level 4 of the Depths)
 47222 | Depths:4 | Found Jabri's Book Shop.
 47249 | Depths:4 | Paralysed by a floating eye for 3 turns
 47292 | Depths:4 | Reached skill level 10 in Necromancy
 47298 | Depths:4 | Reached skill level 10 in Translocations
 47298 | Depths:4 | Reached skill level 10 in Earth Magic
 47302 | Depths:4 | Reached skill level 10 in Summonings
 47311 | Depths:4 | Got a heavily runed ivory ring
 47317 | Depths:4 | Identified the ring "Fomiz" {*Tele rElec rF++ MR+ Int-5}
                  | (You found it on level 4 of the Depths)
 47335 | Depths:4 | Noticed a golden dragon
 47335 | Depths:4 | Noticed a juggernaut
 47344 | Depths:4 | Killed a golden dragon
 47344 | Depths:4 | Reached skill level 10 in Spellcasting
 47349 | Depths:4 | Killed a juggernaut
 47376 | Depths:4 | Reached skill level 14 in Invocations
 47383 | Depths:4 | Found Odghux's Gadget Boutique.
 47464 | Depths:4 | Got a translucent lead ring
 47465 | Depths:4 | Identified the ring "Wiediekk" {*Slow +Fly MR- Str+8} (You
                  | found it on level 4 of the Depths)
 47480 | Depths:4 | Paralysed by a floating eye for 3 turns
 47521 | Depths:4 | Found Doec's Antique Armour Shop.
 47529 | Depths:4 | Bought a faintly humming plate armour for 1120 gold pieces
 47529 | Depths:4 | Bought a bloodstained cloak for 380 gold pieces
 47529 | Depths:4 | Identified the +4 plate armour "Mid Saynt" {Int+6 SInv}
                  | (You bought it in a shop on level 4 of the Depths)
 47564 | Depths:4 | Identified the +2 cloak of Trumpets {rElec rF+} (You bought
                  | it in a shop on level 4 of the Depths)
 47627 | Depths:4 | Reached skill level 15 in Invocations
 47651 | Depths:4 | Noticed a caustic shrike
 47655 | Depths:4 | Killed a caustic shrike
 47753 | Depths:4 | Identified the +8 quarterstaff "Qaegh" {elec, Dex+2}
 47853 | Depths:4 | Reached XP level 24. HP: 184/226 MP: 37/37
 48025 | Depths:5 | Entered Level 5 of the Depths
 48078 | Depths:5 | Noticed a caustic shrike
 48079 | Depths:5 | Noticed a caustic shrike
 48079 | Depths:5 | Noticed a caustic shrike
 48079 | Depths:5 | Noticed a caustic shrike
 48079 | Depths:5 | Noticed a caustic shrike
 48083 | Depths:5 | Killed a caustic shrike
 48083 | Depths:5 | Killed a caustic shrike
 48084 | Depths:5 | Killed a caustic shrike
 48084 | Depths:5 | Killed a caustic shrike
 48084 | Depths:5 | Killed a caustic shrike
 48226 | Depths:5 | Reached skill level 16 in Shields
 48319 | Depths:5 | Reached skill level 11 in Armour
 48364 | Depths:5 | Found a gate to the Realm of Zot.
 48505 | Depths:5 | Found a gateway to a ziggurat.
 48670 | Depths:5 | Reached skill level 16 in Fighting
 49362 | Elf:1    | Entered Level 1 of the Elven Halls
 49455 | Elf:1    | Found a magical portal.
 49464 | WizLab   | Entered The Roulette of Golubria
 49464 | WizLab   | Found a transporter.
 49467 | WizLab   | Found a corrupted altar of Lugonu.
 49490 | WizLab   | Found a transporter.
 49526 | WizLab   | Found a transporter.
 49624 | WizLab   | Found a transporter.
 49655 | WizLab   | Found a transporter.
 49655 | WizLab   | Found a transporter.
 49655 | WizLab   | Identified the Disquisition on the Voyage
 49672 | WizLab   | Found a corrupted altar of Lugonu.
 49674 | WizLab   | Found a transporter.
 49719 | WizLab   | Found a transporter.
 49767 | WizLab   | Found a transporter.
 49882 | WizLab   | Found a transporter.
 49924 | WizLab   | Found a transporter.
 49933 | WizLab   | Found a transporter.
 49976 | WizLab   | Got a pitted leather armour
 49994 | WizLab   | Got a warped cloak
 50001 | WizLab   | Identified the +2 cloak of the Barracuda {*Slow rC+ Regen+
                  | SInv} (You found it in a wizard's laboratory)
 50007 | WizLab   | Found a transporter.
 50007 | WizLab   | Found a transporter.
 50042 | WizLab   | Found a transporter.
 50042 | WizLab   | Found a transporter.
 50065 | WizLab   | Found a transporter.
 50065 | WizLab   | Found a transporter.
 50124 | WizLab   | Found a transporter.
 50124 | WizLab   | Found a transporter.
 50131 | WizLab   | Reached skill level 17 in Shields
 50428 | Elf:1    | Got a glittering steel ring
 50429 | Elf:1    | Identified the ring of Kaampati {rPois EV+6 Dex+3 Slay+5
                  | SInv} (You found it on level 1 of the Elven Halls)
 50651 | Elf:1    | You fall through a shaft!
 50660 | Elf:2    | Reached skill level 12 in Armour
 50758 | Elf:1    | Reached XP level 25. HP: 238/238 MP: 37/37
 50760 | Elf:1    | Identified the Compendium of Combat Magic
 51063 | Elf:2    | Learned a level 6 spell: Death Channel
 51395 | Elf:2    | Found Afodugo's Jewellery Emporium.
 51395 | Elf:2    | Found Pecieh's Gadget Boutique.
 51396 | Elf:2    | Found Feetutaa's Gadget Boutique.
 51462 | Elf:2    | Found a huge runed translucent gate.
 51462 | Elf:2    | Found a huge runed translucent gate.
 51462 | Elf:2    | Found a huge runed translucent gate.
 51463 | Elf:2    | Found a huge runed translucent gate.
 51463 | Elf:2    | Found a huge runed translucent gate.
 51501 | Elf:2    | Reached skill level 17 in Fighting
 51824 | Elf:3    | Entered Level 3 of the Elven Halls
 51979 | Elf:3    | Noticed Nikola
 52003 | Elf:3    | Killed Nikola
 52193 | Elf:3    | Found Uvoaloav's Food Shop.
 52216 | Elf:3    | Reached skill level 18 in Shields
 52457 | Elf:3    | Reached skill level 18 in Fighting
 52757 | Elf:3    | Identified the +2 shield "Lipa Cuch" {rCorr Int+4 Stlth+}
 52970 | Elf:3    | Identified the ring of Caliys {rN+ SInv}
 53064 | Elf:3    | Learned a level 5 spell: Aura of Abjuration
 53228 | Elf:3    | Identified the Almanac of Translocation and Heat
 53429 | Orc:2    | Upgraded the game from 0.24-a0-7-g1bb0902 to
                  | 0.24-a0-10-gb84795d
 53783 | Crypt:1  | Entered Level 1 of the Crypt
 53799 | Crypt:1  | Found a huge runed translucent gate.
 53799 | Crypt:1  | Found a huge runed translucent gate.
 53800 | Crypt:1  | Found a huge runed translucent gate.
 53800 | Crypt:1  | Found a huge runed translucent gate.
 53800 | Crypt:1  | Found a huge runed translucent gate.
 53801 | Crypt:1  | Found a huge runed translucent gate.
 53802 | Crypt:1  | Found a huge runed translucent gate.
 53803 | Crypt:1  | Found a huge runed translucent gate.
 53803 | Crypt:1  | Found a huge runed translucent gate.
 53810 | Crypt:1  | Identified the +4 scimitar "Ystrusyhyv" {venom, rF+++ rC-}
 53860 | Crypt:1  | You fall through a shaft!
 53899 | Crypt:1  | Found the +8 demon blade "Leech" {vamp, rN+ AC-3 EV-3}
 53913 | Crypt:1  | Reached skill level 11 in Summonings
 53913 | Crypt:1  | Reached skill level 11 in Translocations
 53932 | Crypt:1  | Reached XP level 26. HP: 253/253 MP: 37/37
 54244 | Crypt:1  | Found a runed translucent gate.
 54245 | Crypt:1  | Found a runed translucent gate.
 54246 | Crypt:1  | Found a runed translucent gate.
 54247 | Crypt:1  | Noticed Pedghagu's ghost (adept GrFi)
 54248 | Crypt:1  | Noticed Arthanis's ghost (legendary GrBe)
 54437 | Crypt:2  | Noticed a greater mummy
 54437 | Crypt:2  | Noticed Khufu
 54450 | Crypt:2  | Killed a greater mummy
 54453 | Crypt:2  | Killed Khufu
 55055 | Slime:1  | Entered Level 1 of the Pits of Slime
 55094 | Slime:1  | Learned a level 5 spell: Summon Forest
 55165 | Slime:5  | Entered Level 5 of the Pits of Slime
 55203 | Slime:5  | Noticed the Royal Jelly
 55214 | Slime:5  | Found a viscous altar of Jiyva.
 55225 | Slime:5  | Killed the Royal Jelly
 55225 | Slime:5  | Reached skill level 12 in Summonings
 55225 | Slime:5  | Reached skill level 12 in Translocations
 55227 | Slime:5  | Reached skill level 19 in Shields
 55374 | Slime:5  | Identified the Disquisition on Creative Flames
 55420 | Slime:5  | Got a slimy rune of Zot
 55429 | Slime:5  | Got a vibrating iron ring
 55440 | Slime:5  | Identified the ring of Rehiloit {rN+ Dex+4} (You found it
                  | on level 5 of the Pits of Slime)
 55983 | Vaults:5 | Entered Level 5 of the Vaults
 55990 | Vaults:5 | Noticed Jory
 56003 | Vaults:5 | Noticed an ancient lich
 56009 | Vaults:5 | Killed Jory
 56023 | Vaults:5 | Killed an ancient lich
 56233 | Vaults:5 | Reached skill level 13 in Summonings
 56238 | Vaults:5 | Reached skill level 13 in Translocations
 56346 | Vaults:5 | HP: 48/250 [fire giant/fireball (19)]
 56403 | Vaults:5 | Reached XP level 27. HP: 197/257 MP: 22/37
 56614 | Vaults:5 | Got a clouded bone ring
 56615 | Vaults:5 | Identified the cursed ring "Tuloebui" {rPois rC+++ rN+++
                  | Str-2 Int-4} (You found it on level 5 of the Vaults)
 56637 | Vaults:5 | Identified the amulet "Xomikhluc" {Reflect rN++ MR+ Dex+6
                  | SH+3}
 56679 | Vaults:5 | Found Gerublack's Magic Scroll Shop.
 56684 | Vaults:5 | Bought a scroll of enchant weapon for 127 gold pieces
 56684 | Vaults:5 | Bought a scroll of enchant armour for 127 gold pieces
 56691 | Vaults:5 | Identified the +4 morningstar "Xiep" {crush, MP+9}
 56791 | Vaults:5 | Found Tikics's Distillery.
 56806 | Vaults:5 | Found Loba's Magic Scroll Boutique.
 56810 | Vaults:5 | Bought a scroll of blinking for 157 gold pieces
 56855 | Vaults:5 | Identified the ring of Delivi Fasui {rElec MP+9 Int+2
                  | Dex+4}
 57007 | Vaults:5 | Reached skill level 14 in Summonings
 57011 | Vaults:5 | Reached skill level 14 in Translocations
 57091 | Vaults:5 | Got a silver rune of Zot
 57219 | Vaults:5 | Got an opal-studded plate armour
 57220 | Vaults:5 | Identified the +4 plate armour "Reiddo" {Int+2} (You found
                  | it on level 5 of the Vaults)
 57891 | Depths:3 | Voluntarily entered the Abyss.
 57891 | Abyss:1  | Found a corrupted altar of Lugonu.
 58109 | Abyss:1  | Learned a level 3 spell: Regeneration
 58240 | Abyss:1  | Gained mutation: You do not regenerate when monsters are
                  | visible. [a neqoxec]
 58271 | Abyss:1  | Found a hazy altar of Hepliaklqana.
 58372 | Abyss:1  | Found a hazy altar of Hepliaklqana.
 58435 | Abyss:1  | Found a hazy altar of Hepliaklqana.
 58515 | Abyss:2  | Found an ornate altar of the Wu Jian Council.
 58558 | Abyss:2  | Reached skill level 20 in Shields
 58806 | Abyss:2  | Gained mutation: You occasionally shout uncontrollably at
                  | your foes. [a shining eye]
 58832 | Abyss:2  | Found a shadowy altar of Dithmenos.
 59027 | Abyss:2  | Found a corrupted altar of Lugonu.
 59065 | Abyss:2  | Found a corrupted altar of Lugonu.
 59310 | Abyss:3  | Reached skill level 15 in Summonings
 59310 | Abyss:3  | Reached skill level 15 in Translocations
 59762 | Abyss:4  | Found a roughly hewn altar of Beogh.
 59825 | Abyss:4  | Found a corrupted altar of Lugonu.
 60033 | Abyss:4  | Reached skill level 21 in Shields
 60243 | Abyss:5  | Entered Level 5 of the Abyss
 60289 | Abyss:5  | Found a corrupted altar of Lugonu.
 60550 | Depths:3 | Escaped the Abyss
 60623 | Depths:3 | Voluntarily entered the Abyss.
 60676 | Abyss:1  | Found a corrupted altar of Lugonu.
 60733 | Abyss:1  | Noticed a juggernaut
 60745 | Abyss:1  | Killed a juggernaut
 61113 | Abyss:2  | Got a distressingly furry shield
 61114 | Abyss:2  | Identified the cursed -10 shield of the Snake Pit {+Blink
                  | Int+4} (You found it on level 2 of the Abyss)
 61261 | Abyss:2  | Reached skill level 22 in Shields
 61428 | Abyss:3  | Reached skill level 1 in Stealth
 61505 | Abyss:3  | Found a basalt altar of Yredelemnul.
 61533 | Abyss:3  | Reached skill level 2 in Stealth
 61884 | Abyss:3  | Reached skill level 3 in Stealth
 61926 | Abyss:3  | Gained mutation: You are clumsy. (Dex -2) [a cacodemon]
 61927 | Abyss:3  | Gained mutation: You are dopey. (Int -2) [a cacodemon]
 61986 | Abyss:3  | Reached skill level 4 in Stealth
 61991 | Abyss:3  | Paralysed by accursed screaming for 1 turns
 62013 | Abyss:3  | HP: 40/179 [starcursed mass/accursed screaming (12)]
 62013 | Abyss:3  | Paralysed by accursed screaming for 1 turns
 62025 | Abyss:3  | HP: 45/208 [raiju/living lightning (7)]
 62054 | Abyss:3  | Got an abyssal rune of Zot
 62166 | Depths:3 | Escaped the Abyss
 62172 | Depths:3 | Lost mutation: You are clumsy. (Dex -2) [potion of
                  | mutation]
 62172 | Depths:3 | Lost mutation: You occasionally shout uncontrollably at
                  | your foes. [potion of mutation]
 62172 | Depths:3 | Lost mutation: You are dopey. (Int -2) [potion of mutation]
 62172 | Depths:3 | Gained mutation: You are resistant to electric shocks.
                  | (rElec) [potion of mutation]
 62172 | Depths:3 | Gained mutation: You have an increased reservoir of magic.
                  | (+10% MP) [potion of mutation]
 62306 | Zot:1    | Entered Level 1 of the Realm of Zot
 62316 | Zot:1    | Reached skill level 5 in Stealth
 62567 | Zot:1    | Reached skill level 6 in Stealth
 62678 | Zot:1    | Found a runed translucent gate.
 62678 | Zot:1    | Found a runed translucent gate.
 62680 | Zot:1    | Found an ancient bone altar of Kikubaaqudgha.
 62681 | Zot:1    | Noticed an ancient lich
 62681 | Zot:1    | Noticed kirsanium's ghost (veteran MfGl)
 62681 | Zot:1    | Noticed an ancient lich
 62682 | Zot:1    | Found a runed translucent gate.
 62682 | Zot:1    | Noticed an ancient lich
 62682 | Zot:1    | Noticed Ejifenux's ghost (master VSFi)
 62959 | Zot:2    | Reached skill level 7 in Stealth
 63125 | Zot:2    | Reached skill level 8 in Stealth
 63489 | Zot:3    | Reached skill level 11 in Dodging
 63511 | Zot:3    | Reached skill level 9 in Stealth
 64006 | Zot:4    | Reached skill level 13 in Armour
 64139 | Zot:4    | Reached skill level 10 in Stealth
 64560 | Zot:4    | Reached skill level 19 in Fighting
 64560 | Zot:4    | Reached skill level 19 in Axes
 64802 | Zot:5    | Entered Level 5 of the Realm of Zot
 65610 | Zot:5    | Noticed an ancient lich
 65622 | Zot:5    | Noticed an orb of fire
 65624 | Zot:5    | Killed an ancient lich
 65627 | Zot:5    | Killed an orb of fire
 65627 | Zot:5    | Reached skill level 12 in Dodging
 65936 | Zot:5    | Noticed an orb of fire
 65943 | Zot:5    | Noticed an ancient lich
 65950 | Zot:5    | Noticed an ancient lich
 65953 | Zot:5    | Noticed an ancient lich
 65954 | Zot:5    | Gained mutation: You are frail. (-10% HP) [an orb of fire]
 65957 | Zot:5    | Killed an orb of fire
 65957 | Zot:5    | Reached skill level 14 in Armour
 65958 | Zot:5    | Killed an ancient lich
 65960 | Zot:5    | Noticed an ancient lich
 65961 | Zot:5    | Killed an ancient lich
 65962 | Zot:5    | Noticed an ancient lich
 65965 | Zot:5    | Killed an ancient lich
 65965 | Zot:5    | Noticed an ancient lich
 65967 | Zot:5    | HP: 37/240 [Orb Guardian (33)]
 65972 | Zot:5    | HP: 29/240 [Orb Guardian (24)]
 65979 | Zot:5    | HP: 47/240 [Killer Klown/klown pie (7)]
 66574 | Zot:5    | Killed an ancient lich
 66578 | Zot:5    | Killed an ancient lich
 66582 | Zot:5    | Killed an ancient lich
 66682 | Zot:5    | Got the Orb of Zot
 66717 | Zot:5    | Noticed Herghaghy the pandemonium lord
 66743 | Zot:4    | Killed Herghaghy the pandemonium lord
 66788 | Zot:3    | Reached skill level 20 in Fighting
 66807 | Zot:3    | Reached skill level 20 in Axes
 66846 | Zot:3    | Reached skill level 13 in Dodging
 66882 | Depths:5 | Noticed Foemaq the pandemonium lord
 66885 | Depths:5 | Noticed a juggernaut
 66932 | Depths:3 | Noticed a seraph
 66935 | Depths:3 | Identified the +5 large shield of the Loofah {Regen+}
 67276 | D:1      | Noticed an ancient lich
 67277 | D:1      | Noticed Riojab the pandemonium lord
 67285 | D:1      | Killed an ancient lich
 67297 | D:1      | Noticed Odixkoi the pandemonium lord
 67303 | D:1      | Killed Odixkoi the pandemonium lord
 67341 | D:1      | Killed Riojab the pandemonium lord
 67354 | D:$      | Escaped with the Orb!

Vault maps used:
D:1:      psy_arrival_statuary, minmay_misc_feat_secret_circle, hex_large
D:2:      first_ration, minmay_vboxes, uniq_sigmund
D:3:      minmay_increasing_density
D:4:      uniq_natasha, uniq_eustachio, uniq_robin
D:5:      uniq_crazy_yiuf_cottage, uniq_blork_the_orc
D:6:      minmay_temple_entry_nine_rooms
D:7:      okawaru_ov_weapons_minmay
D:8:      grunt_temple_overflow_order_and_chaos_2, due_lair_maze_entry_diamond,
          uniq_psyche
D:9:      old_standard_altar, serial_curves, eino_curves_04, eino_curves_01,
          uniq_prince_ribbit1
D:10:     lemuel_ice_statue, hangedman_ranch
D:11:     minmay_dual_archer_statues
D:12:     minmay_another_anthill
D:13:     erik_vaults_1, serial_shops, nicolae_shop_behind_doors, st_stairs_12,
          uniq_kirke
D:14:     hangedman_decor_diamond_cutter
D:15:     hangedman_depths_entry_civil_slaughter, fedhas_altar_4, uniq_josephine
Temple:   dpeg_five_rooms_temple
Lair:2:   chequers_serial_rivers_room_a, grunt_megastairs_3
Lair:4:   elwin_shoals_entry_rooms, spider_nest_entry_a, minivault_25
Lair:5:   minmay_guarded_unrand_snakebite, nicolae_slime_entry_slimehenge,
          ebering_ghost_inner_flame, minmay_holes
Lair:6:   minmay_lair_end_frog_pond, guppyfry_lair_drakes
Shoals:1: cheibrodos_shoals_three_sisters, kb_tengu_band
Shoals:2: uniq_frances
Shoals:4: shoals_end_simple, serial_shops, shop, ebering_ghost_gozag,
          uniq_polyphemus
Spider:1: uniq_roxanne, uniq_louise
Spider:2: cheibrodos_spider_deadly_dance, uniq_azrael
Spider:3: drop_trap
Spider:4: spider_rune_water
Slime:1:  nicolae_slime_ancient_tower_intersection
Slime:2:  basic_altar
Slime:3:  cheibrodos_slime_lost_civilization_3
Orc:1:    ebering_ghost_xom
Orc:2:    grunt_orc_community_town_hall, grunt_orc_community_big_house_2,
          grunt_orc_community_big_house_2, grunt_orc_community_house_3,
          grunt_orc_community_house_2, grunt_orc_community_house_3,
          grunt_orc_community_house_3, grunt_orc_community_house_2,
          grunt_orc_community_house_2, basic_altar, gauntlet_entry_generic,
          uniq_urug
Elf:1:    eino_elf_arrival_the_gate, mu_enter_wizlab_6, minmay_elf_annihilation,
          roderic_lattice_octagonal_star
Elf:2:    guppyfry_elf_castle, minmay_shop_grove
Elf:3:    nooodl_elf_gasket, serial_shops, nicolae_shop_window_shopping,
          uniq_nikola
Vaults:1: nicolae_vaults_little_squares_3, hangedman_vaults_stagger,
          hangedman_vaults_restitches, v_alt_pattern_3,
          ontoclasm_vaults_gateway, v_misc_11, st_octagons_1, v_alt_pattern_5,
          nicolae_vaults_circle_grid_b, ontoclasm_vaults_ring_small,
          grunt_vaults_diagonal, enter_trove_6
Vaults:2: nicolae_vaults_branching_niches, nicolae_vaults_network_quincunx,
          hangedman_vaults_pinch, v_misc_5, vaults_room_corners,
          vaults_room_semicircle, hangedman_vaults_trim, vaults_room_fours,
          ontoclasm_vaults_ring_square
Vaults:3: nicolae_vaults_alarming, nicolae_vaults_border_crossing,
          hangedman_vaults_river_flow, blue_anna_dwarven_crypt,
          nicolae_vaults_mini_display_case, nicolae_vaults_ring_of_whatevers,
          vaults_dpeg_encased_lava, hangedman_vaults_nodes,
          nicolae_vaults_asterisk, serial_shops, nicolae_shop_stone
Vaults:4: ontoclasm_vaults_ring_square, grunt_vaults_twisty, v_alt_pattern_1,
          nicolae_vaults_stairing_the_circle, vaults_room_glass_cross,
          v_misc_18, v_rooms_3, v_alt_pattern_6, v_alt_pattern_3,
          ontoclasm_vaults_bender, ontoclasm_vaults_ring_square,
          ontoclasm_vaults_shuriken, serial_shops, nicolae_shop_statue_plus
Vaults:5: uniq_jory
Crypt:1:  cheibrodos_crypt_3hun_7po, gammafunk_ghost_cemetery,
          minmay_misc_feat_five
Crypt:2:  uniq_khufu
Depths:1: hellmouth_3, minivault_14, kennysheep_pointless_box, tso_metal_star,
          uniq_enchantress
Depths:2: kennysheep_big_flooded_room, pf_hell_entry_great_geh,
          minmay_misc_feat_enclosed, minmay_misc_feat_chi,
          minmay_staircase_bubble, uniq_saint_roka
Depths:3: hangedman_elemental_death_ray, nicolae_abyss_entry_one_way_or_another,
          rand_demon_pan_entry_1, hell_entry, minmay_the_grid_2x2, uniq_margery
Depths:4: hangedman_spin_cycle, hell_entry, abyss_entry, serial_shops
Depths:5: grunt_zot_entry_hairpin, ziggurat_fallback,
          hangedman_tar_grid_catacomb, hex_medium
Zot:1:    gammafunk_ghost_crypt
Zot:4:    st_large_dragon_hoard_3
Zot:5:    skrybe_zot_glass_1
Abyss:2:  evilmike_abyss_exit_chaos, evilmike_abyss_exit_plants
Abyss:3:  evilmike_abyss_exit_5, kilobyte_mutagenic_chamber,
          hangedman_abyss_stitches_cave, minivault_19,
          nicolae_abyss_rune_star_stuff, hangedman_decor_lopped
Abyss:4:  hangedman_abyss_exit_choices, evilmike_abyss_exit_plants
Abyss:5:  hangedman_decor_riveting, hangedman_steaming_rock, due_exit_kobolds
WizLab:   wizlab_golubria
Gauntlet: minmay_gauntlet_mixed_oops_all_seconds

Skill      XL: |  1  2  3  4  5  6  7  8  9 10 11 12 13 14 15 16 17 18 19 20 21 22 23 24 25 26 27 |
---------------+----------------------------------------------------------------------------------+-----
Fighting       | 4 5 6 8 10 11 12 13 15 16 18 20 | 20.0
Axes           | 3 4 6 8 10 13 14 15 16 17 18 20 | 20.0
Armour         | 3 4 5 6 7 8 9 10 12 14 | 14.9
Shields        | 3 4 5 6 7 9 10 11 12 14 15 17 18 19 22 | 22.0
Invocations    | 3 7 9 10 11 12 15 | 15.0
Dodging        | 3 5 6 8 9 10 13 | 13.5
Necromancy     | 1 4 5 7 8 9 10 | 10.0
Earth Magic    | 1 4 5 7 8 9 10 | 10.0
Spellcasting   | 3 5 7 8 9 10 | 10.0
Summonings     | 4 5 7 8 9 10 11 13 15 | 15.0
Translocations | 4 5 7 8 9 10 11 13 15 | 15.0
Evocations     | 5 |  5.0
Stealth        | 10 | 10.0

Action                   |  1- 3 |  4- 6 |  7- 9 | 10-12 | 13-15 | 16-18 | 19-21 | 22-24 | 25-27 || total
-------------------------+-------+-------+-------+-------+-------+-------+-------+-------+-------++-------
Melee: War axe           |    77 |   108 |   425 |   686 |   659 |  1001 |  1029 |  1142 |  2316 ||  7443
       Flail             |       |       |       |    28 |       |       |       |       |       ||    28
       Whip              |       |       |       |       |   542 |     6 |       |       |       ||   548
       Constrict         |       |       |       |       |   275 |   224 |   189 |   174 |   350 ||  1212
Throw: Javelin           |       |       |       |       |     2 |     4 |       |       |       ||     6
 Cast: Blink             |       |       |       |       |       |    47 |       |       |    10 ||    57
       Borgnjor's Vile C |       |       |       |       |       |       |     9 |    17 |    48 ||    74
       Death Channel     |       |       |       |       |       |       |       |       |    42 ||    42
       Summon Forest     |       |       |       |       |       |       |       |       |    28 ||    28
       Malign Gateway    |       |       |       |       |       |       |       |       |    29 ||    29
       Aura of Abjuratio |       |       |       |       |       |       |       |       |     9 ||     9
       Regeneration      |       |       |       |       |       |       |       |       |    38 ||    38
Invok: Slouch            |       |       |       |     4 |     3 |     8 |     7 |    15 |    15 ||    52
       Temporal Distorti |       |       |       |       |       |       |       |       |     1 ||     1
 Abil: Spit Poison       |     4 |     8 |    52 |    51 |     6 |    13 |       |       |     1 ||   135
       Evoke Flight      |       |       |       |       |       |    25 |       |       |       ||    25
Evoke: Wand              |       |       |       |     9 |     4 |    18 |       |     1 |     2 ||    34
       Sack of spiders   |       |       |       |       |       |     1 |       |       |       ||     1
       Box of beasts     |       |       |       |       |       |     1 |       |       |     1 ||     2
  Use: Potion            |     1 |     1 |     1 |     9 |     3 |     2 |       |     1 |    21 ||    39
       Scroll            |       |       |    21 |    11 |    10 |    15 |     1 |    13 |    29 ||   100
 Stab: Invisible         |       |       |       |     4 |       |       |       |       |       ||     4
       Distracted        |       |       |       |       |     1 |       |       |     1 |    55 ||    57
       Petrified         |       |       |       |       |       |     3 |       |       |       ||     3
       Held in net/web   |       |       |       |       |       |     2 |       |       |       ||     2
       Sleeping          |       |       |       |       |       |       |       |    16 |    24 ||    40
       Paralysed         |       |       |       |       |       |       |       |       |     4 ||     4
       Confused          |       |       |       |       |       |       |       |       |     2 ||     2
  Eat: Chunk             |       |     5 |    11 |    13 |    38 |    19 |     8 |    15 |    29 ||   138
       Ration            |       |       |     2 |     4 |     1 |     1 |     3 |     3 |    13 ||    27
Armor: Scale mail        |    35 |    69 |   201 |   199 |       |       |       |       |       ||   504
       Skin              |     9 |       |       |       |       |       |       |       |       ||     9
       Plate armour      |       |       |       |    65 |   226 |       |       |       |       ||   291
       Chain mail        |       |       |       |       |    85 |   484 |     1 |       |       ||   570
       Storm dragon scal |       |       |       |       |       |       |   190 |    17 |       ||   207
       Acid dragon scale |       |       |       |       |       |       |       |   244 |   465 ||   709
Dodge: Dodged            |    21 |    36 |    57 |    78 |   295 |   589 |   415 |   470 |  1459 ||  3420
Block: Shield            |    38 |    73 |    32 |       |       |       |       |       |  1887 ||  2030
       Large shield      |       |       |   319 |   633 |  1103 |  1453 |  1078 |  1200 |   307 ||  6093

Table legend:
 A = Non-vault XP
 B = Vault XP
 C = Vault XP percentage of total XP
 D = Non-vault monster count
 E = Vault monster count
 F = Vault count percentage of total count
                 A         B        C        D         E       F
            +---------+---------+-------+---------+---------+-------
      Total |  996668 |  881972 |  46.9 |    1833 |    1028 |  35.9
            +---------+---------+-------+---------+---------+-------
        D:1 |      29 |       0 |   0.0 |      14 |       0 |   0.0
        D:2 |      29 |     242 |  89.3 |      15 |       8 |  34.8
        D:3 |      55 |      21 |  27.6 |      19 |       5 |  20.8
        D:4 |     389 |     272 |  41.1 |      11 |      14 |  56.0
        D:5 |     613 |     133 |  17.8 |      18 |       2 |  10.0
        D:6 |     482 |       0 |   0.0 |      10 |       0 |   0.0
        D:7 |     436 |       0 |   0.0 |      15 |       0 |   0.0
        D:8 |    1815 |    1548 |  46.0 |      27 |      10 |  27.0
        D:9 |    2741 |     264 |   8.8 |      31 |       1 |   3.1
       D:10 |    2374 |    2175 |  47.8 |      26 |       8 |  23.5
       D:11 |    8498 |       0 |   0.0 |      38 |       0 |   0.0
       D:12 |    7173 |    5232 |  42.2 |      41 |      30 |  42.3
       D:13 |    8321 |    6584 |  44.2 |      40 |       9 |  18.4
       D:14 |   12878 |       0 |   0.0 |      41 |       0 |   0.0
       D:15 |   10570 |    6726 |  38.9 |      26 |      11 |  29.7
     Lair:1 |    4815 |       0 |   0.0 |      15 |       0 |   0.0
     Lair:2 |    5350 |     576 |   9.7 |      20 |       2 |   9.1
     Lair:3 |    2130 |       0 |   0.0 |      10 |       0 |   0.0
     Lair:4 |    3457 |     283 |   7.6 |      16 |       1 |   5.9
     Lair:5 |    7213 |    1355 |  15.8 |      28 |      14 |  33.3
     Lair:6 |    6495 |   15433 |  70.4 |      25 |      53 |  67.9
   Shoals:1 |    5390 |    9830 |  64.6 |      13 |      13 |  50.0
   Shoals:2 |   13963 |    2165 |  13.4 |      29 |       1 |   3.3
   Shoals:3 |    8827 |       0 |   0.0 |      14 |       0 |   0.0
   Shoals:4 |   14724 |   22340 |  60.3 |      30 |      38 |  55.9
   Spider:1 |   13777 |    1724 |  11.1 |      42 |       1 |   2.3
   Spider:2 |   11510 |   11251 |  49.4 |      32 |      27 |  45.8
   Spider:3 |   10353 |       0 |   0.0 |      33 |       0 |   0.0
   Spider:4 |   13860 |   19640 |  58.6 |      29 |      40 |  58.0
    Slime:1 |    6226 |       0 |   0.0 |       9 |       0 |   0.0
    Slime:3 |    2179 |       0 |   0.0 |       4 |       0 |   0.0
    Slime:4 |    3796 |       0 |   0.0 |       4 |       0 |   0.0
    Slime:5 |    1443 |   35614 |  96.1 |       1 |      14 |  93.3
      Orc:1 |     366 |       0 |   0.0 |       5 |       0 |   0.0
      Orc:2 |    2993 |    8385 |  73.7 |      22 |      77 |  77.8
      Elf:1 |   25035 |    6521 |  20.7 |      41 |      10 |  19.6
      Elf:2 |    4338 |   33651 |  88.6 |       8 |      41 |  83.7
      Elf:3 |   15812 |   68721 |  81.3 |      33 |      50 |  60.2
   Vaults:1 |   32444 |   30292 |  48.3 |      51 |      33 |  39.3
   Vaults:2 |   47269 |   27953 |  37.2 |      66 |      47 |  41.6
   Vaults:3 |   24349 |   23993 |  49.6 |      47 |      39 |  45.3
   Vaults:4 |   37077 |   27101 |  42.2 |      48 |      32 |  40.0
   Vaults:5 |   36211 |  112313 |  75.6 |      60 |      88 |  59.5
    Crypt:1 |   31333 |       0 |   0.0 |      37 |       0 |   0.0
    Crypt:2 |    6000 |    8923 |  59.8 |       9 |       2 |  18.2
   Depths:1 |   31960 |   17006 |  34.7 |      45 |      25 |  35.7
   Depths:2 |   34965 |    8690 |  19.9 |      50 |      16 |  24.2
   Depths:3 |   52943 |   51504 |  49.3 |      64 |      44 |  40.7
   Depths:4 |     547 |   87532 |  99.4 |       2 |      79 |  97.5
   Depths:5 |   55243 |   23681 |  30.0 |      36 |      15 |  29.4
      Zot:1 |   31393 |       0 |   0.0 |      21 |       0 |   0.0
      Zot:2 |   45070 |       0 |   0.0 |      28 |       0 |   0.0
      Zot:3 |   29513 |       0 |   0.0 |      17 |       0 |   0.0
      Zot:4 |   32595 |   23308 |  41.7 |      24 |      12 |  33.3
      Zot:5 |   20319 |  131107 |  86.6 |      12 |      42 |  77.8
    Abyss:1 |   46271 |    6808 |  12.8 |      70 |       1 |   1.4
    Abyss:2 |   42273 |       0 |   0.0 |      74 |       0 |   0.0
    Abyss:3 |   45655 |    8340 |  15.4 |     113 |       8 |   6.6
    Abyss:4 |   54356 |    3076 |   5.4 |      84 |       7 |   7.7
    Abyss:5 |   18427 |    5248 |  22.2 |      40 |      14 |  25.9
     WizLab |       0 |   22170 | 100.0 |       0 |      39 | 100.0
   Gauntlet |       0 |    2241 | 100.0 |       0 |       5 | 100.0
            +---------+---------+-------+---------+---------+-------

Vault maps used:
D:1:      psy_arrival_statuary, minmay_misc_feat_secret_circle, hex_large
D:2:      first_ration, minmay_vboxes, uniq_sigmund
D:3:      minmay_increasing_density
D:4:      uniq_natasha, uniq_eustachio, uniq_robin
D:5:      uniq_crazy_yiuf_cottage, uniq_blork_the_orc
D:6:      minmay_temple_entry_nine_rooms
D:7:      okawaru_ov_weapons_minmay
D:8:      grunt_temple_overflow_order_and_chaos_2, due_lair_maze_entry_diamond,
          uniq_psyche
D:9:      old_standard_altar, serial_curves, eino_curves_04, eino_curves_01,
          uniq_prince_ribbit1
D:10:     lemuel_ice_statue, hangedman_ranch
D:11:     minmay_dual_archer_statues
D:12:     minmay_another_anthill
D:13:     erik_vaults_1, serial_shops, nicolae_shop_behind_doors, st_stairs_12,
          uniq_kirke
D:14:     hangedman_decor_diamond_cutter
D:15:     hangedman_depths_entry_civil_slaughter, fedhas_altar_4, uniq_josephine
Temple:   dpeg_five_rooms_temple
Lair:2:   chequers_serial_rivers_room_a, grunt_megastairs_3
Lair:4:   elwin_shoals_entry_rooms, spider_nest_entry_a, minivault_25
Lair:5:   minmay_guarded_unrand_snakebite, nicolae_slime_entry_slimehenge,
          ebering_ghost_inner_flame, minmay_holes
Lair:6:   minmay_lair_end_frog_pond, guppyfry_lair_drakes
Shoals:1: cheibrodos_shoals_three_sisters, kb_tengu_band
Shoals:2: uniq_frances
Shoals:4: shoals_end_simple, serial_shops, shop, ebering_ghost_gozag,
          uniq_polyphemus
Spider:1: uniq_roxanne, uniq_louise
Spider:2: cheibrodos_spider_deadly_dance, uniq_azrael
Spider:3: drop_trap
Spider:4: spider_rune_water
Slime:1:  nicolae_slime_ancient_tower_intersection
Slime:2:  basic_altar
Slime:3:  cheibrodos_slime_lost_civilization_3
Orc:1:    ebering_ghost_xom
Orc:2:    grunt_orc_community_town_hall, grunt_orc_community_big_house_2,
          grunt_orc_community_big_house_2, grunt_orc_community_house_3,
          grunt_orc_community_house_2, grunt_orc_community_house_3,
          grunt_orc_community_house_3, grunt_orc_community_house_2,
          grunt_orc_community_house_2, basic_altar, gauntlet_entry_generic,
          uniq_urug
Elf:1:    eino_elf_arrival_the_gate, mu_enter_wizlab_6, minmay_elf_annihilation,
          roderic_lattice_octagonal_star
Elf:2:    guppyfry_elf_castle, minmay_shop_grove
Elf:3:    nooodl_elf_gasket, serial_shops, nicolae_shop_window_shopping,
          uniq_nikola
Vaults:1: nicolae_vaults_little_squares_3, hangedman_vaults_stagger,
          hangedman_vaults_restitches, v_alt_pattern_3,
          ontoclasm_vaults_gateway, v_misc_11, st_octagons_1, v_alt_pattern_5,
          nicolae_vaults_circle_grid_b, ontoclasm_vaults_ring_small,
          grunt_vaults_diagonal, enter_trove_6
Vaults:2: nicolae_vaults_branching_niches, nicolae_vaults_network_quincunx,
          hangedman_vaults_pinch, v_misc_5, vaults_room_corners,
          vaults_room_semicircle, hangedman_vaults_trim, vaults_room_fours,
          ontoclasm_vaults_ring_square
Vaults:3: nicolae_vaults_alarming, nicolae_vaults_border_crossing,
          hangedman_vaults_river_flow, blue_anna_dwarven_crypt,
          nicolae_vaults_mini_display_case, nicolae_vaults_ring_of_whatevers,
          vaults_dpeg_encased_lava, hangedman_vaults_nodes,
          nicolae_vaults_asterisk, serial_shops, nicolae_shop_stone
Vaults:4: ontoclasm_vaults_ring_square, grunt_vaults_twisty, v_alt_pattern_1,
          nicolae_vaults_stairing_the_circle, vaults_room_glass_cross,
          v_misc_18, v_rooms_3, v_alt_pattern_6, v_alt_pattern_3,
          ontoclasm_vaults_bender, ontoclasm_vaults_ring_square,
          ontoclasm_vaults_shuriken, serial_shops, nicolae_shop_statue_plus
Vaults:5: uniq_jory
Crypt:1:  cheibrodos_crypt_3hun_7po, gammafunk_ghost_cemetery,
          minmay_misc_feat_five
Crypt:2:  uniq_khufu
Depths:1: hellmouth_3, minivault_14, kennysheep_pointless_box, tso_metal_star,
          uniq_enchantress
Depths:2: kennysheep_big_flooded_room, pf_hell_entry_great_geh,
          minmay_misc_feat_enclosed, minmay_misc_feat_chi,
          minmay_staircase_bubble, uniq_saint_roka
Depths:3: hangedman_elemental_death_ray, nicolae_abyss_entry_one_way_or_another,
          rand_demon_pan_entry_1, hell_entry, minmay_the_grid_2x2, uniq_margery
Depths:4: hangedman_spin_cycle, hell_entry, abyss_entry, serial_shops
Depths:5: grunt_zot_entry_hairpin, ziggurat_fallback,
          hangedman_tar_grid_catacomb, hex_medium
Zot:1:    gammafunk_ghost_crypt
Zot:4:    st_large_dragon_hoard_3
Zot:5:    skrybe_zot_glass_1
Abyss:2:  evilmike_abyss_exit_chaos, evilmike_abyss_exit_plants
Abyss:3:  evilmike_abyss_exit_5, kilobyte_mutagenic_chamber,
          hangedman_abyss_stitches_cave, minivault_19,
          nicolae_abyss_rune_star_stuff, hangedman_decor_lopped
Abyss:4:  hangedman_abyss_exit_choices, evilmike_abyss_exit_plants
Abyss:5:  hangedman_decor_riveting, hangedman_steaming_rock, due_exit_kobolds
WizLab:   wizlab_golubria
Gauntlet: minmay_gauntlet_mixed_oops_all_seconds

Table legend:
 A = Turns spent in this place as a percentage of turns spent in the entire game.
 B = Non-inter-level travel turns spent in this place as a percentage of non-inter-level travel turns spent in the entire game.
 C = Inter-level travel turns spent in this place as a percentage of turns spent in this place.
 D = Turns resting spent in this place as a percentage of non-inter-level travel turns spent in this place.
 E = Turns spent auto-exploring this place as a percentage of non-inter-level travel turns spent in this place.
 F = Non-inter-level travel turns spent in this place divided by the number of levels of this place that you've seen.
                   A       B       C       D       E      F
               +-------+-------+-------+-------+-------+----------------------
         Total | 100.0 | 100.0 |  10.5 |  16.7 |  56.0 | 899.6
       Dungeon |  29.2 |  27.5 |  15.8 |  25.9 |  56.0 | 1105.7
        Temple |   0.3 |   0.2 |  39.6 |   0.0 |  93.6 | 110.0
          Lair |  11.6 |  11.7 |   9.9 |  14.1 |  66.8 | 1171.5
        Shoals |   6.5 |   7.1 |   3.0 |  31.6 |  46.3 | 1068.2
   Spider Nest |   5.1 |   5.1 |  10.1 |   4.1 |  68.0 | 773.5
    Slime Pits |   0.8 |   0.8 |  13.1 |  28.4 |   8.2 |  98.0
  Orcish Mines |   3.5 |   3.4 |  12.9 |   3.3 |  74.5 | 1017.0
   Elven Halls |   4.8 |   5.1 |   4.9 |   8.4 |  57.4 | 1031.3
        Vaults |  11.6 |  11.3 |  13.1 |   5.7 |  63.8 | 1357.4
         Crypt |   1.3 |   1.3 |   6.8 |  18.4 |  48.9 | 404.5
        Depths |   9.2 |   9.1 |  11.4 |   4.7 |  62.4 | 1097.8
           Zot |   6.8 |   7.0 |   7.3 |  16.5 |  49.9 | 846.4
         Abyss |   6.2 |   7.0 |   0.0 |  12.9 |  35.3 | 525.2
        Wizlab |   1.2 |   1.3 |   0.0 |   0.0 |  43.5 | 802.0
      Gauntlet |   1.8 |   2.1 |   0.0 |  62.7 |  14.5 | 1242.0
               +-------+-------+-------+-------+-------+----------------------

Table legend:
 A = Kills in this place as a percentage of kills in entire the game.
 B = Kills by you in this place as a percentage of kills by you in the entire game.
 C = Kills by friends in this place as a percentage of kills by friends in the entire game.
 D = Other kills in this place as a percentage of other kills in the entire game.
 E = Experience gained in this place as a percentage of experience gained in the entire game.
 F = Experience gained in this place divided by the number of levels of this place that you have seen.
                   A       B       C       D       E      F
               +-------+-------+-------+-------+-------+----------------------
         Total | 100.0 | 100.0 | 100.0 | 100.0 | 100.0 | 28795.0
       Dungeon |  16.8 |  17.5 |   2.9 |   0.0 |   6.1 | 7786.0
          Lair |   6.4 |   6.7 |   0.0 |   0.0 |   2.4 | 7851.2
        Shoals |   4.8 |   5.0 |   0.0 |   0.0 |   4.0 | 19309.8
   Spider Nest |   7.1 |   7.4 |   0.0 |  25.0 |   4.3 | 20528.8
    Slime Pits |   1.1 |   0.9 |   4.4 |   0.0 |   2.6 | 9851.6
  Orcish Mines |   3.6 |   3.8 |   0.0 |   0.0 |   0.6 | 5872.0
   Elven Halls |   6.3 |   6.3 |   7.4 |   0.0 |   8.0 | 51359.3
        Vaults |  17.7 |  16.9 |  35.3 |  12.5 |  20.7 | 79800.4
         Crypt |   1.7 |   1.6 |   2.2 |   0.0 |   2.4 | 23128.0
        Depths |  13.0 |  13.6 |   0.7 |  12.5 |  18.9 | 72814.2
           Zot |   5.8 |   4.1 |  36.0 |  50.0 |  16.9 | 65347.6
         Abyss |  14.2 |  14.4 |  11.0 |   0.0 |  11.9 | 28806.8
        Wizlab |   1.4 |   1.4 |   0.0 |   0.0 |   1.1 | 22170.0
      Gauntlet |   0.2 |   0.2 |   0.0 |   0.0 |   0.1 | 2241.0
               +-------+-------+-------+-------+-------+----------------------
